 Dungeon Crawl Stone Soup version 0.31-a0-819-gf6de2f5ab6 (webtiles) character file.

Game seed: 13002827584603169811

352321 qw the Slayer (level 22, -1/161 HPs)
             Began as a Gargoyle Hunter on Sept 23, 2023.
             Was a High Priest of Okawaru.
             Slain by a spriggan berserker
             ... wielding a +0 hand axe
             ... summoned by a glowing orange brain
             ... summoned by a glowing orange brain
              (26 damage)
             ... on level 2 of the Depths.
             The game lasted 00:21:25 (33835 turns).

qw the Slayer (Gargoyle Hunter)                    Turns: 33835, Time: 00:21:26

Health: -1/161     AC: 39    Str: 15      XL:     22   Next: 25%
Magic:  29/29      EV: 29    Int: 11 (14) God:    Okawaru [*****.]
Gold:   744        SH:  0    Dex: 27      Spells: 21/21 levels left

rFire   + . .        w - +9 hand cannon (heavy)
rCold   + . .        (no shield)
rNeg    + . .        v - +3 leather armour {rF+}
rPois   inf          j - +2 hat
rElec   +            s - scarf {repulsion}
rCorr   .            i - +2 pair of gloves
SInv    .            r - +0 pair of boots of the Bulwark {rC+ Regen+ Int+3 Dex-4}
Will    +....        c - amulet of faith
Stlth   ++           b - ring of the Tortoise {AC+8}
HPRegen 1.26/turn    y - +6 ring of dexterity
MPRegen 0.21/turn

%: repel missiles, faith
@: about to teleport, flying
A: sickness immunity, AC +16, big wings, negative energy resistance 1,
electricity resistance, torment resistance 1, petrification resistance, antennae
1, claws 1, agile 1
}: 2/15 runes: decaying, serpentine
a: Renounce Religion, Heroism, Finesse, Duel


You were on level 2 of the Depths.
You worshipped Okawaru.
Okawaru was extremely pleased with you.
You visited 8 branches of the dungeon, and saw 37 of its levels.
You also visited: Sewer.

You collected 4455 gold pieces.
You spent 3711 gold pieces at shops.


Innate Abilities, Weirdness & Mutations

You are immune to sickness and miasma.
Your stone body is resilient. (AC +16)
You are immune to poison.
Your large and strong wings let you fly.
You resist negative energy. (rN+)
You are resistant to electric shocks. (rElec)
You are resistant to unholy torment.
You are immune to petrification.
You have a pair of small antennae on your head.
You have sharp fingernails.
You are agile. (Dex +4, Str/Int -1)


   Skills:
 - Level 24.0 Fighting
 - Level 22.0 Ranged Weapons
 - Level 10.0 Armour
 + Level 17.8 Dodging
 - Level 1.1 Stealth
 - Level 10.1 Invocations


You had 21 spell levels left.
You didn't know any spells.
Your spell library was empty.

Inventory:

Hand Weapons
 w - a +9 heavy hand cannon (weapon)
Armour
 a - a +0 cloak
 i - a +2 pair of gloves (worn)
 j - a +2 hat (worn)
 r - the +0 pair of boots of the Bulwark (worn) {rC+ Regen+ Int+3 Dex-4}
   (Okawaru gifted it to you on level 10 of the Dungeon)

   Int+3:     It affects your intelligence (+3).
   Dex-4:     It affects your dexterity (-4).
   rC+:       It protects you from cold.
   Regen+:    It increases your rate of health regeneration.
 s - a scarf of repulsion (worn)
 u - the scarf "Virohyg" {repulsion, -Tele +Inv Regen+ Dex+8}
   (You found it on level 6 of the Dungeon)

   Dex+8:     It affects your dexterity (+8).
   +Inv:      It lets you turn invisible.
   -Tele:     It prevents most forms of teleportation.
   Regen+:    It increases your rate of health regeneration.
 v - a +3 leather armour of fire resistance (worn)
 A - the +3 leather armour of Valiance {Slay+2}
   (You found it on level 4 of the Swamp)

   Slay+2:    It affects your accuracy & damage with ranged weapons and melee
   (+2).
 B - a +2 pair of boots of flying
 C - a +1 ring mail of poison resistance
Jewellery
 b - the ring of the Tortoise (left hand) {AC+8}
   (You found it on level 2 of the Dungeon)

   [ring of protection]

   AC+8:      It affects your AC (+8).
 c - an amulet of faith (around neck)
 m - the ring of Idealism {Ice Dex+4}
   (You bought it in a shop on level 4 of the Vaults)

   [ring of ice]

   Ice:       It enhances your ice magic.
   Dex+4:     It affects your dexterity (+4).
   rF-:       It makes you vulnerable to fire.
   rC+:       It protects you from cold.
 q - an amulet of reflection
 y - a +6 ring of dexterity (right hand)
Wands
 z - a wand of digging (24)
Scrolls
 d - a scroll of brand weapon
 e - 17 scrolls of identify
 l - 14 scrolls of teleportation
 x - 3 scrolls of enchant armour
Potions
 f - 6 potions of magic
 g - 18 potions of curing
 h - 7 potions of mutation
 k - 2 potions of heal wounds
 n - 4 potions of resistance
 o - 8 potions of haste
 p - 10 potions of might
 t - 5 potions of enlightenment

Dungeon Overview and Level Annotations

Branches:
Dungeon (15/15)            Temple (1/1) D:4            Lair (5/5) D:8
  Swamp (4/4) Lair:2        Snake (4/4) Lair:2        Slime (0/5) Lair:5
    Orc (2/2) D:9             Elf (0/3) Orc:2        Vaults (4/5) D:13
  Crypt (0/3) Vaults:2     Depths (1/4) D:15          Sewer (visited)

Altars:
Ashenzari
Cheibriados
Dithmenos
Elyvilon
Fedhas
Gozag
Hepliaklqana
Kikubaaqudgha
Makhleb
Nemelex Xobeh
Okawaru
Qazlal
Ru
Sif Muna
Trog
Uskayaw
Vehumet
Wu Jian
Xom
Yredelemnul
Zin
The Shining One
Jiyva

Shops:
D:9 (   D:11 [*   D:15 :   Orc:1 =   Orc:2 !(!:[   Snake:1 !?   Snake:2 *[(=
Snake:4 [   Vaults:2 (*   Vaults:4 =

Portals:
Hell: Depths:1 Depths:2
Pandemonium: Depths:2
Trove: Depths:2 (give 16 scrolls of teleportation)

Annotations:
D:3 1 runed translucent door, qw's ghost, amateur GrHu
D:5 3 runed translucent doors, qw's ghost, amateur GrHs
Lair:2 3 runed translucent doors, qw's ghost, novice GrFi
Lair:5 2 runed translucent doors


Message History

The spriggan berserker completely misses you.
Enter note:
Enter note:
Enter note:
33832 |||
Found retreat position at 5,1 (open_door) with 0 blocking monsters and 2 monsters attacking at destination at distance 5
33832 ||| Stepping ~*~*~tactically~*~*~ (retreating).
The spriggan berserker hits you with a +0 hand axe!
Some rock shatters into small pieces.
The deep troll closely misses you. The deep troll completely misses you.
The deep troll misses you.
Enter note:
Enter note:
Enter note:
Enter note:
33833 |||
Found retreat position at 4,1 (open_door) with 0 blocking monsters and 2 monsters attacking at destination at distance 4
33833 ||| Stepping ~*~*~tactically~*~*~ (retreating).
The spriggan berserker attacks as it pursues you!
The spriggan berserker hits you with a +0 hand axe.
The spriggan berserker barely misses you.
The spriggan rider hits you from afar with a +0 spear!
Enter note:
Enter note:
Enter note:
33834 |||
Found retreat position at 3,1 (open_door) with 0 blocking monsters and 2 monsters attacking at destination at distance 3
33834 ||| Stepping ~*~*~tactically~*~*~ (retreating).
The spriggan berserker attacks as it pursues you!
The spriggan berserker hits you with a +0 hand axe!!
The deep troll earth mage casts a spell next to you.
The wall shatters!
The blast of rock fragments hits you but does no damage.
The spriggan berserker closely misses you.
The spriggan rider attacks as it pursues you!
The spriggan rider hits you but does no damage.
The spriggan rider shouts!
You hear a shout!
You hear a horrible gurgling sound! x2
You hear a shout! x3
33835 |||
Found retreat position at 2,0 (open_door) with 0 blocking monsters and 2 monsters attacking at destination at distance 2
33835 ||| READING 15 scrolls of teleportation.
As you read the scroll of teleportation, it crumbles to dust.
You feel strangely unstable.
The spriggan berserker hits you with a +0 hand axe!!
You die...

# #.# ..........############'##.
###.# ##.#######.##............##
....###..#######.##............%.
..#...............+............##
..)....#.##########............#
#........##.## #............#
......T..9...#### #....).......#
.....D#.......iT###............#
#....##...i.TD.i@.'............##
.....#.........####.............#
....##.........# #.....~~~~~....
....#.......#..####...~~#####~~..
T...#.............>..~~## ####~~.
....#..........#.###.~## ..###~.
....#.\...........#..~# \..##~.
.. .#..........~## ..###~.
.......~~###~###~~.


You could see an iron golem, a fire dragon (summoned), 2 spriggan riders, a deep
troll, a spriggan berserker (summoned, berserk, regenerating, strong-willed) and
a deep troll earth mage.

Vanquished Creatures
  Mara (Snake:3)
  Vashnia (Snake:3)
  the Lernaean hydra (Swamp:4)
  Nikola (Vaults:3)
  5 sphinxes
  A storm dragon (Vaults:4)
  3 nagarajas
  Aizul (Snake:3)
  A fire giant (Depths:2)
  A frost giant (Depths:1)
  7 vault wardens
  A curse skull (Vaults:2)
  3 orc warlords
  17 ironbound preservers
  9 ironbound thunderhulks
  A broodmother (shapeshifter) (D:14)
  9 very ugly things
  2 war gargoyles (Vaults:2)
  A vampire knight (Depths:2)
  3 stone giants
  Nessos (Orc:2)
  5 eleionomae
  3 bunyips
  14 dire elephants
  A crystal guardian (Vaults:2)
  2 ettins
  10 fire dragons
  6 great orbs of eyes
  8 jiangshi
  A rakshasa (Depths:2)
  10 vault guards
  8 yaktaur captains
  21 hydras
  2 entropy weavers (Vaults:4)
  Erolcha (D:10)
  2 ghost crabs
  4 salamander tyrants
  7 anacondas
  10 alligators
  3 ice dragons
  3 peacekeepers
  6 ogre magi
  6 boulder beetles
  2 catoblepae
  16 centaur warriors
  4 ironbound frosthearts
  3 tengu warriors (Depths:1)
  8 deep troll shamans
  A sphinx skeleton (Vaults:2)
  8 two-headed ogres
  15 naga warriors
  3 vampire magi
  8 death yaks (Lair:4)
  4 deep troll earth magi
  15 naga sharpshooters
  6 shock serpents
  5 iron trolls
  A skyshark (Lair:2)
  4 skeletal warriors
  8 salamander mystics
  Sonja (Orc:1)
  4 goliath frogs
  67 deep trolls
  A tengu zombie (Depths:1)
  A spriggan druid (Swamp:3)
  11 naga ritualists
  13 bog bodies
  A phantasmal warrior (Vaults:2)
  8 orc knights
  A death drake (Swamp:3)
  2 glowing orange brains
  13 ironbound convokers
  7 swamp dragons
  5 wizards
  10 mana vipers
  11 lindwurms
  4 necromancers
  10 harpies
  A frost giant zombie (Depths:1)
  10 orc sorcerers
  A stone giant zombie (Vaults:4)
  2 will-o-the-wisps
  16 ugly things
  4 cyclopes
  13 salamanders
  A shining eye (shapeshifter) (Vaults:2)
  A manticore (D:14)
  23 elephants
  45 black mambas
  13 vault sentinels
  4 guardian serpents
  Maurice (D:10)
  18 naga magi
  A frost giant skeleton (Depths:1)
  3 molten gargoyles (Lair:5)
  A gargoyle (D:13)
  14 cane toads
  2 smoke demons (Depths:2)
  A torpor snail (Lair:4)
  2 unseen horrors
  A yaktaur zombie (Vaults:4)
  An efreet (D:14)
  17 komodo dragons
  34 yaktaurs
  3 tengu conjurers
  6 rime drakes
  2 yaktaur skeletons
  A queen bee (Lair:4)
  A queen bee (shapeshifter) (D:13)
  7 tyrant leeches
  A hellwing (Depths:2)
  3 meliai (Lair:4)
  4 polar bears
  7 trolls
  18 blink frogs
  9 hornets
  Grinder (D:3)
  7 dream sheep (Lair:5)
  A jumping spider (Vaults:4)
  6 spriggans (Swamp:2)
  25 slime creatures
  An ettin skeleton (Depths:1)
  A culicivora (Vaults:4)
  A spriggan (shapeshifter) (D:13)
  11 wyverns
  A vampire (D:9)
  7 water elementals
  53 yaks
  3 wraiths
  12 basilisks
  6 steam dragons
  2 redbacks (Vaults:4)
  8 vampire mosquitoes
  6 wargs
  13 swamp worms
  3 acid dragons
  17 water moccasins
  3 hell hounds (Lair:5)
  55 nagas
  20 orc warriors
  4 ice beasts
  9 swamp drakes
  2 sky beasts
  3 black bears
  8 ogres
  5 wolves
  17 centaurs
  A phantom (D:5)
  3 kobold brigands
  17 bullfrogs
  2 scorpions
  15 wights
  A human simulacrum (Vaults:2)
  54 killer bees
  15 howler monkeys
  A vampire bat (Lair:4)
  7 electric eels
  A tengu skeleton (Depths:1)
  5 lava snakes (Lair:5)
  A quasit (Sewer)
  4 hounds
  22 orc priests
  4 iguanas
  Jessica (D:2)
  2 sleepcaps
  48 orc wizards
  14 hell rats
  A boggart simulacrum (D:15)
  6 adders
  4 shadow imps (Sewer)
  4 white imps
  8 ufetubi
  3 worms
  2 dart slugs
  71 orcs
  A bat zombie (Sewer)
  5 endoplasms
  7 giant cockroaches
  4 hobgoblins
  3 jackals (D:3)
  7 quokkas
  9 ball pythons
  15 bats
  2 frilled lizards
  6 goblins
  25 kobolds
  3 kobold zombies (Sewer)
  5 rats
1496 creatures vanquished.

Vanquished Creatures (others)
  A jiangshi (Depths:2)
  3 hydras (Swamp:4)
  An ironbound convoker (Vaults:3)
  2 wizards
  A swamp dragon (Swamp:4)
  2 ugly things (Vaults:3)
  A will-o-the-wisp (Swamp:4)
  A bloated husk (Swamp:1)
  A swamp worm (Swamp:4)
  A swamp drake (Swamp:4)
  An adder zombie (Sewer)
  12 foxfires
27 creatures vanquished.

Grand Total: 1523 creatures vanquished

Notes
Turn   | Place    | Note
-------+----------+-------------------------------------------
     0 | D:1      | qw the Gargoyle Hunter began the quest for the Orb.
     0 | D:1      | Reached XP level 1. HP: 12/12 MP: 1/1
     0 | D:1      | 0 ||| qw: Version: 0.3-a-83-gcd0e7d8
     0 | D:1      | 0 ||| qw: Game counter: 1601
     0 | D:1      | 0 ||| qw: Melee chars always use a shield: true
     0 | D:1      | 0 ||| qw: God list: Okawaru
     0 | D:1      | 0 ||| qw: Allow faded altars: false
     0 | D:1      | 0 ||| qw: Do Orc after clearing Dungeon:15 true
     0 | D:1      | 0 ||| qw: Do second Lair branch before Depths: true
     0 | D:1      | 0 ||| qw: Lair rune preference: random
     0 | D:1      | 0 ||| qw: Goals: Normal
     0 | D:1      | 0 ||| PLANNING D:1-11
   254 | D:1      | Reached XP level 2. HP: 17/17 MP: 2/2
   413 | D:1      | Found a faded altar of an unknown god.
   671 | D:1      | 671 ||| DROPPING +6 ring of intelligence.
   672 | D:1      | 672 ||| READING scroll labelled OCVEIJ UZXUOZ.
   673 | D:1      | 673 ||| READING scroll labelled MIENYVAURIE.
   676 | D:1      | 676 ||| DRINKING 2 orange potions.
   677 | D:1      | 677 ||| DROPPING scroll of butterflies.
   761 | D:2      | 761 ||| FLEEEEING.
   794 | D:2      | Reached XP level 3. HP: 21/21 MP: 3/3
   846 | D:2      | Found the ring of the Tortoise {AC+8}
   965 | D:2      | Noticed Jessica
   967 | D:2      | Killed Jessica
   968 | D:2      | Reached skill level 3 in Fighting
   968 | D:2      | Reached XP level 4. HP: 28/28 MP: 4/4
  1469 | D:2      | 1469 ||| UPGRADING to +1 robe of fire resistance.
  1479 | D:2      | 1479 ||| DROPPING +0 leather armour.
  1480 | D:2      | 1480 ||| UPGRADING to ring of the Tortoise {AC+8}.
  1481 | D:2      | 1481 ||| READING 2 scrolls labelled XIURGH ASMU.
  1482 | D:2      | 1482 ||| DRINKING 2 purple potions.
  1522 | D:2      | 1522 ||| DROPPING scroll of noise.
  1523 | D:2      | 1523 ||| DROPPING potion of lignification.
  1556 | D:3      | 1556 ||| PLANNING SEWER
  1642 | D:3      | Found a glowing drain.
  1650 | D:3      | 1650 ||| UPGRADING to +0 helmet.
  1665 | D:3      | 1665 ||| READING scroll labelled FEAVVA XETSUU.
  1672 | Sewer    | Entered a sewer
  1779 | Sewer    | Reached XP level 5. HP: 32/32 MP: 5/5
  1865 | Sewer    | Found a burning altar of Makhleb.
  1865 | Sewer    | Noticed a kobold brigand
  1872 | Sewer    | 1872 ||| Stepping ~*~*~tactically~*~*~ (retreating).
  1873 | Sewer    | 1873 ||| RETREEAATING.
  1874 | Sewer    | 1874 ||| STILL RETREEAATING.
  1875 | Sewer    | 1875 ||| STILL RETREEAATING.
  1876 | Sewer    | 1876 ||| Stepping ~*~*~tactically~*~*~ (water).
  1880 | Sewer    | 1880 ||| Stepping ~*~*~tactically~*~*~ (retreating).
  1885 | Sewer    | Killed a kobold brigand
  1886 | Sewer    | Reached skill level 6 in Ranged Weapons
  1904 | Sewer    | 1904 ||| RETREEAATING.
  1915 | Sewer    | Reached skill level 4 in Fighting
  1915 | Sewer    | Reached XP level 6. HP: 36/38 MP: 6/6
  2129 | Sewer    | 2129 ||| DROPPING +0 ring mail.
  2130 | Sewer    | 2130 ||| UPGRADING to +1 leather armour of fire resistance.
  2140 | Sewer    | 2140 ||| DROPPING +1 robe of fire resistance.
  2141 | Sewer    | 2141 ||| READING scroll labelled BERROB SUDICS.
  2142 | Sewer    | 2142 ||| READING scroll labelled EBIHITZ PUFUP.
  2143 | Sewer    | 2143 ||| READING scroll labelled MAPTAU QACAVE.
  2144 | Sewer    | 2144 ||| READING scroll labelled ZULUQA TECA.
  2145 | Sewer    | 2145 ||| DRINKING 2 bubbling sapphire potions.
  2169 | D:3      | 2169 ||| PLANNING D:1-11
  2277 | D:3      | Noticed Grinder
  2291 | D:3      | Killed Grinder
  2292 | D:3      | Reached skill level 3 in Armour
  2292 | D:3      | Reached XP level 7. HP: 17/43 MP: 7/7
  2546 | D:3      | 2546 ||| SWAPPING to +0 orcbow.
  2547 | D:3      | 2547 ||| DROPPING +1 shortbow.
  2622 | D:3      | Found a runed translucent door.
  2845 | D:3      | Noticed qw's ghost (amateur GrHu)
  2847 | D:3      | 2847 ||| UPGRADING to ring of willpower.
  2848 | D:3      | 2848 ||| READING scroll labelled WOEXIY KUDOBIMN.
  2849 | D:3      | 2849 ||| READING scroll labelled CAWUAZ HANN.
  2898 | D:4      | Found a staircase to the Ecumenical Temple.
  2900 | D:4      | 2900 ||| PLANNING TEMPLE
  2909 | Temple   | Entered the Ecumenical Temple
  2910 | Temple   | 2910 ||| PLANNING OKAWARU WORSHIP
  2921 | Temple   | Became a worshipper of Warmaster Okawaru
  2922 | Temple   | 2922 ||| PLANNING D:1-11
  3120 | D:4      | 3120 ||| FLEEEEING.
  3121 | D:4      | 3121 ||| FLEEEEING.
  3161 | D:4      | 3161 ||| READING scroll of enchant weapon.
  3161 | D:4      | 3161 ||| ENCHANTING +0 orcbow of flaming.
  3278 | D:4      | Found a sacrificial altar of Ru.
  3283 | D:4      | Found a sparkling altar of Nemelex Xobeh.
  3382 | D:4      | 3382 ||| UPGRADING to +2 hat.
  3392 | D:4      | 3392 ||| DROPPING +0 helmet.
  3393 | D:4      | 3393 ||| UPGRADING to amulet of regeneration.
  3398 | D:4      | 3398 ||| READING scroll labelled JAYJEI ENWY.
  3398 | D:4      | Identified a scroll of acquirement
  3398 | D:4      | 3398 ||| ACQUIRING +4 arbalest of flaming
  3398 | D:4      | Acquired a +4 arbalest of flaming
  3400 | D:4      | 3400 ||| SWAPPING to +4 arbalest of flaming.
  3401 | D:4      | 3401 ||| DROPPING +1 orcbow of flaming.
  3402 | D:4      | 3402 ||| READING scroll labelled FASIESCH OLOJE.
  3403 | D:4      | 3403 ||| DRINKING 3 silvery potions.
  3404 | D:4      | 3404 ||| DRINKING 2 red potions.
  3404 | D:4      | Gained mutation: You are frail. (-10% HP) [potion of
                  | mutation]
  3404 | D:4      | Gained mutation: Your spells are a little easier to cast,
                  | but a little less powerful. [potion of mutation]
  3404 | D:4      | Gained mutation: You are partially covered in iridescent
                  | scales. (AC +2) [potion of mutation]
  3404 | D:4      | Gained mutation: Your large and strong wings let you fly.
                  | [potion of mutation]
  3405 | D:4      | 3405 ||| DRINKING potion of mutation.
  3405 | D:4      | Lost mutation: Your spells are a little easier to cast, but
                  | a little less powerful. [potion of mutation]
  3405 | D:4      | Lost mutation: You are partially covered in iridescent
                  | scales. (AC +2) [potion of mutation]
  3405 | D:4      | Gained mutation: You are agile. (Dex +4, Str/Int -1)
                  | [potion of mutation]
  3405 | D:4      | Gained mutation: Armour fits poorly on your strangely
                  | shaped body. [potion of mutation]
  3409 | D:5      | Entered Level 5 of the Dungeon
  3457 | D:5      | Found a runed translucent gate.
  3460 | D:5      | Found a runed translucent gate.
  3460 | D:5      | Found a runed translucent gate.
  3473 | D:5      | Noticed qw's ghost (amateur GrHs)
  3480 | D:5      | Reached XP level 8. HP: 43/43 MP: 8/8
  3489 | D:5      | 3489 ||| Stepping ~*~*~tactically~*~*~ (retreating).
  3490 | D:5      | 3490 ||| Stepping ~*~*~tactically~*~*~ (retreating).
  3491 | D:5      | 3491 ||| Stepping ~*~*~tactically~*~*~ (retreating).
  3492 | D:5      | 3492 ||| Stepping ~*~*~tactically~*~*~ (retreating).
  3493 | D:5      | 3493 ||| Stepping ~*~*~tactically~*~*~ (retreating).
  3500 | D:5      | Reached skill level 5 in Fighting
  3561 | D:5      | Reached * piety under Okawaru
  3636 | D:5      | Reached skill level 1 in Invocations
  3683 | D:5      | Reached skill level 9 in Ranged Weapons
  3719 | D:5      | 3719 ||| INVOKING Heroism.
  3761 | D:5      | Reached skill level 3 in Invocations
  3995 | D:5      | Found a white marble altar of Elyvilon.
  4204 | D:5      | 4204 ||| UPGRADING to amulet of faith.
  4214 | D:5      | 4214 ||| READING scroll labelled QOYKIY LASAPTO.
  4215 | D:5      | 4215 ||| READING 2 scrolls labelled KAETOJ BUABOY.
  4216 | D:5      | 4216 ||| READING 2 scrolls of identify.
  4216 | D:5      | 4216 ||| IDENTIFYING metallic coppery potion
  4217 | D:5      | 4217 ||| DROPPING potion of degeneration.
  4218 | D:5      | 4218 ||| DROPPING scroll of fog.
  4269 | D:6      | 4269 ||| RETREEAATING.
  4270 | D:6      | 4270 ||| STILL RETREEAATING.
  4271 | D:6      | 4271 ||| INVOKING Heroism.
  4272 | D:6      | 4272 ||| Stepping ~*~*~tactically~*~*~ (retreating).
  4273 | D:6      | 4273 ||| Stepping ~*~*~tactically~*~*~ (retreating).
  4281 | D:6      | Reached skill level 6 in Fighting
  4281 | D:6      | Reached XP level 9. HP: 33/49 MP: 9/11
  4349 | D:6      | Reached ** piety under Okawaru
  4350 | D:6      | Reached skill level 3 in Dodging
  4444 | D:6      | 4444 ||| DRINKING potion of mutation.
  4444 | D:6      | Lost mutation: Your large and strong wings let you fly.
                  | [potion of mutation]
  4444 | D:6      | Lost mutation: Armour fits poorly on your strangely shaped
                  | body. [potion of mutation]
  4444 | D:6      | Lost mutation: You are frail. (-10% HP) [potion of
                  | mutation]
  4444 | D:6      | Gained mutation: You have sharp fingernails. [potion of
                  | mutation]
  4444 | D:6      | Gained mutation: You have a pair of small antennae on your
                  | head. [potion of mutation]
  4541 | D:6      | 4541 ||| INVOKING Heroism.
  4591 | D:6      | 4591 ||| READING scroll of acquirement.
  4591 | D:6      | 4591 ||| ACQUIRING +2 heavy longbow
  4591 | D:6      | Acquired a +2 heavy longbow
  4593 | D:6      | 4593 ||| SWAPPING to +2 heavy longbow.
  4594 | D:6      | 4594 ||| DROPPING +4 arbalest of flaming.
  4702 | D:6      | Found a glowing golden altar of the Shining One.
  4913 | D:6      | Identified the +1 plate armour "Larafram" {rPois rF+++ rN+
                  | Dex-3}
  4997 | D:6      | Identified the scarf "Virohyg" {repulsion, -Tele +Inv
                  | Regen+ Dex+8}
  5009 | D:6      | 5009 ||| DROPPING scarf of shadows.
  5010 | D:6      | 5010 ||| DRINKING 3 inky potions.
  5011 | D:6      | 5011 ||| READING 2 scrolls of identify.
  5011 | D:6      | 5011 ||| IDENTIFYING bubbling blue potion
  5012 | D:6      | 5012 ||| DROPPING potion of ambrosia.
  5047 | D:7      | Found an ancient bone altar of Kikubaaqudgha.
  5055 | D:7      | 5055 ||| INVOKING Heroism.
  5128 | D:7      | Reached skill level 7 in Fighting
  5191 | D:7      | 5191 ||| RETREEAATING.
  5192 | D:7      | 5192 ||| STILL RETREEAATING.
  5193 | D:7      | 5193 ||| STILL RETREEAATING.
  5194 | D:7      | 5194 ||| Stepping ~*~*~tactically~*~*~ (retreating).
  5195 | D:7      | 5195 ||| Stepping ~*~*~tactically~*~*~ (retreating).
  5196 | D:7      | 5196 ||| Stepping ~*~*~tactically~*~*~ (retreating).
  5197 | D:7      | 5197 ||| Stepping ~*~*~tactically~*~*~ (retreating).
  5198 | D:7      | 5198 ||| Stepping ~*~*~tactically~*~*~ (retreating).
  5201 | D:7      | Reached *** piety under Okawaru
  5209 | D:7      | 5209 ||| INVOKING Heroism.
  5403 | D:7      | Found a shimmering blue altar of Sif Muna.
  5408 | D:7      | Found a burning altar of Makhleb.
  5474 | D:7      | 5474 ||| UPGRADING to +4 ring of protection.
  5554 | D:7      | Reached XP level 10. HP: 59/63 MP: 13/13
  5667 | D:7      | 5667 ||| DROPPING ring of resist corrosion.
  5668 | D:7      | 5668 ||| DROPPING ring of willpower.
  5669 | D:7      | 5669 ||| READING scroll labelled PULLATTIDO.
  5770 | D:7      | 5770 ||| READING scroll labelled GEWYRI FIEDIS.
  5811 | D:7      | 5811 ||| READING 3 scrolls of identify.
  5811 | D:7      | 5811 ||| IDENTIFYING murky dark potion
  5812 | D:7      | 5812 ||| READING 2 scrolls of identify.
  5812 | D:7      | 5812 ||| IDENTIFYING blue potion
  5813 | D:7      | 5813 ||| DROPPING potion of berserk rage.
  5833 | D:8      | 5833 ||| RETREEAATING.
  5834 | D:8      | 5834 ||| STILL RETREEAATING.
  5835 | D:8      | 5835 ||| Stepping ~*~*~tactically~*~*~ (retreating).
  5841 | D:8      | 5841 ||| INVOKING Heroism.
  5884 | D:8      | 5884 ||| RETREEAATING.
  5887 | D:8      | Reached skill level 8 in Fighting
  5891 | D:8      | Reached **** piety under Okawaru
  5986 | D:8      | 5986 ||| INVOKING Heroism.
  6105 | D:8      | 6105 ||| INVOKING Heroism.
  6106 | D:8      | 6106 ||| RETREEAATING.
  6114 | D:8      | Reached skill level 6 in Invocations
  6118 | D:8      | Found a staircase to the Lair.
  6162 | D:8      | 6162 ||| INVOKING Heroism.
  6165 | D:8      | 6165 ||| RETREEAATING.
  6174 | D:8      | Reached skill level 12 in Ranged Weapons
  6427 | D:8      | 6427 ||| PLANNING LAIR
  6427 | D:8      | 6427 ||| DROPPING +4 ring of slaying {mikee}.
  6480 | Lair:1   | Entered Level 1 of the Lair of Beasts
  6490 | Lair:1   | 6490 ||| INVOKING Heroism.
  6530 | Lair:1   | Noticed an elephant
  6535 | Lair:1   | Noticed an elephant
  6536 | Lair:1   | 6536 ||| Stepping ~*~*~tactically~*~*~ (retreating).
  6537 | Lair:1   | 6537 ||| Stepping ~*~*~tactically~*~*~ (retreating).
  6538 | Lair:1   | 6538 ||| Stepping ~*~*~tactically~*~*~ (retreating).
  6538 | Lair:1   | Noticed an elephant
  6539 | Lair:1   | 6539 ||| Stepping ~*~*~tactically~*~*~ (retreating).
  6540 | Lair:1   | 6540 ||| Stepping ~*~*~tactically~*~*~ (retreating).
  6541 | Lair:1   | 6541 ||| Stepping ~*~*~tactically~*~*~ (retreating).
  6541 | Lair:1   | Noticed an elephant
  6542 | Lair:1   | 6542 ||| Stepping ~*~*~tactically~*~*~ (retreating).
  6542 | Lair:1   | Noticed an elephant
  6543 | Lair:1   | 6543 ||| RETREEAATING.
  6544 | Lair:1   | 6544 ||| Stepping ~*~*~tactically~*~*~ (retreating).
  6545 | Lair:1   | 6545 ||| Stepping ~*~*~tactically~*~*~ (retreating).
  6546 | Lair:1   | 6546 ||| STAIRDANCE
  6548 | D:8      | 6548 ||| INVOKING Heroism.
  6549 | D:8      | 6549 ||| Stepping ~*~*~tactically~*~*~ (retreating).
  6550 | D:8      | 6550 ||| Stepping ~*~*~tactically~*~*~ (retreating).
  6550 | D:8      | HP: 10/64 [elephant (7)]
  6551 | D:8      | 6551 ||| READING 5 scrolls of teleportation.
  6552 | D:8      | 6552 ||| DRINKING 5 potions of heal wounds.
  6553 | D:8      | 6553 ||| Stepping ~*~*~tactically~*~*~ (retreating).
  6554 | D:8      | 6554 ||| Stepping ~*~*~tactically~*~*~ (retreating).
  6666 | D:8      | Killed an elephant
  6666 | D:8      | Reached ***** piety under Okawaru
  6667 | D:8      | Reached XP level 11. HP: 68/68 MP: 16/16
  6680 | Lair:1   | 6680 ||| STAIRDANCE
  6683 | D:8      | 6683 ||| INVOKING Heroism.
  6806 | Lair:1   | 6806 ||| STAIRDANCE
  6859 | Lair:1   | 6859 ||| INVOKING Heroism.
  6910 | Lair:1   | 6910 ||| INVOKING Heroism.
  7088 | Lair:1   | 7088 ||| RETREEAATING.
  7098 | Lair:1   | 7098 ||| RETREEAATING.
  7100 | Lair:1   | 7100 ||| RETREEAATING.
  7103 | Lair:1   | 7103 ||| Stepping ~*~*~tactically~*~*~ (retreating).
  7110 | Lair:1   | 7110 ||| INVOKING Heroism.
  7122 | Lair:1   | Reached skill level 9 in Invocations
  7240 | Lair:1   | 7240 ||| RETREEAATING.
  7243 | Lair:1   | Received a gift from Okawaru
  7244 | Lair:1   | 7244 ||| INVOKING Heroism.
  7253 | Lair:1   | Reached skill level 9 in Fighting
  7410 | Lair:1   | 7410 ||| INVOKING Heroism.
  7428 | Lair:1   | 7428 ||| INVOKING Heroism.
  7440 | Lair:1   | 7440 ||| Stepping ~*~*~tactically~*~*~ (water).
  7486 | Lair:1   | 7486 ||| INVOKING Heroism.
  7690 | Lair:2   | Noticed a six-headed hydra
  7691 | Lair:2   | 7691 ||| RETREEAATING.
  7693 | Lair:2   | 7693 ||| RETREEAATING.
  7695 | Lair:2   | 7695 ||| RETREEAATING.
  7696 | Lair:2   | 7696 ||| INVOKING Heroism.
  7712 | Lair:2   | Killed a six-headed hydra
  7771 | Lair:2   | Noticed a skyshark
  7774 | Lair:2   | 7774 ||| RETREEAATING.
  7775 | Lair:2   | 7775 ||| STILL RETREEAATING.
  7776 | Lair:2   | 7776 ||| STILL RETREEAATING.
  7777 | Lair:2   | 7777 ||| Stepping ~*~*~tactically~*~*~ (retreating).
  7778 | Lair:2   | Killed a skyshark
  7782 | Lair:2   | Reached XP level 12. HP: 76/76 MP: 19/19
  7835 | Lair:2   | 7835 ||| INVOKING Heroism.
  7896 | Lair:2   | Noticed a boulder beetle
  7897 | Lair:2   | 7897 ||| INVOKING Heroism.
  7898 | Lair:2   | 7898 ||| INVOKING Finesse.
  7903 | Lair:2   | Killed a boulder beetle
  7999 | Lair:2   | Found a runed translucent gate.
  8000 | Lair:2   | Found a runed translucent gate.
  8001 | Lair:2   | Noticed an eight-headed hydra
  8002 | Lair:2   | Found a runed translucent gate.
  8003 | Lair:2   | Noticed qw's ghost (novice GrFi)
  8006 | Lair:2   | Noticed a four-headed hydra
  8078 | Lair:2   | Received a gift from Okawaru
  8100 | Lair:2   | 8100 ||| Stepping ~*~*~tactically~*~*~ (retreating).
  8101 | Lair:2   | 8101 ||| Stepping ~*~*~tactically~*~*~ (retreating).
  8102 | Lair:2   | 8102 ||| INVOKING Heroism.
  8129 | Lair:2   | Reached skill level 10 in Fighting
  8158 | Lair:2   | 8158 ||| RETREEAATING.
  8159 | Lair:2   | 8159 ||| STILL RETREEAATING.
  8224 | Lair:2   | Found a staircase to the Swamp.
  8319 | Lair:2   | 8319 ||| INVOKING Heroism.
  8349 | Lair:2   | Received a gift from Okawaru
  8395 | Lair:2   | 8395 ||| INVOKING Heroism.
  8556 | Lair:2   | Reached skill level 15 in Ranged Weapons
  8560 | Lair:2   | 8560 ||| INVOKING Heroism.
  8719 | Lair:2   | Found a staircase to the Snake Pit.
  8786 | Lair:2   | 8786 ||| INVOKING Heroism.
  8789 | Lair:2   | 8789 ||| Stepping ~*~*~tactically~*~*~ (retreating).
  8792 | Lair:2   | 8792 ||| RETREEAATING.
  8794 | Lair:2   | 8794 ||| Stepping ~*~*~tactically~*~*~ (retreating).
  8828 | Lair:2   | 8828 ||| INVOKING Heroism.
  8831 | Lair:2   | 8831 ||| RETREEAATING.
  8834 | Lair:2   | 8834 ||| Stepping ~*~*~tactically~*~*~ (retreating).
  8835 | Lair:2   | 8835 ||| Stepping ~*~*~tactically~*~*~ (retreating).
  8842 | Lair:2   | Reached skill level 6 in Dodging
  9064 | Lair:2   | 9064 ||| DROPPING ring of protection from cold.
  9065 | Lair:2   | 9065 ||| READING scroll labelled ESEILI GUADUIC.
  9066 | Lair:2   | 9066 ||| READING 2 scrolls of identify.
  9066 | Lair:2   | 9066 ||| IDENTIFYING green potion
  9067 | Lair:2   | 9067 ||| DROPPING potion of attraction.
  9157 | Lair:3   | 9157 ||| RETREEAATING.
  9158 | Lair:3   | 9158 ||| STILL RETREEAATING.
  9159 | Lair:3   | 9159 ||| STILL RETREEAATING.
  9163 | Lair:3   | 9163 ||| STILL RETREEAATING.
  9169 | Lair:3   | 9169 ||| Stepping ~*~*~tactically~*~*~ (retreating).
  9170 | Lair:3   | 9170 ||| Stepping ~*~*~tactically~*~*~ (retreating).
  9171 | Lair:3   | 9171 ||| Stepping ~*~*~tactically~*~*~ (retreating).
  9172 | Lair:3   | 9172 ||| Stepping ~*~*~tactically~*~*~ (retreating).
  9173 | Lair:3   | 9173 ||| Stepping ~*~*~tactically~*~*~ (retreating).
  9174 | Lair:3   | 9174 ||| Stepping ~*~*~tactically~*~*~ (retreating).
  9175 | Lair:3   | 9175 ||| Stepping ~*~*~tactically~*~*~ (retreating).
  9178 | Lair:3   | 9178 ||| INVOKING Heroism.
  9328 | Lair:3   | Noticed a catoblepas
  9329 | Lair:3   | 9329 ||| INVOKING Heroism.
  9330 | Lair:3   | 9330 ||| INVOKING Finesse.
  9339 | Lair:3   | Killed a catoblepas
  9340 | Lair:3   | Reached XP level 13. HP: 82/82 MP: 13/20
  9434 | Lair:3   | 9434 ||| INVOKING Heroism.
  9612 | Lair:3   | 9612 ||| RETREEAATING.
  9613 | Lair:3   | 9613 ||| STILL RETREEAATING.
  9976 | Lair:3   | 9976 ||| UPGRADING to +0 cloak.
  9981 | Lair:3   | 9981 ||| READING 3 scrolls of identify.
  9981 | Lair:3   | 9981 ||| IDENTIFYING golden potion
  9982 | Lair:3   | 9982 ||| DRINKING potion of experience.
  9982 | Lair:3   | Reached skill level 13 in Fighting
  9982 | Lair:3   | Gained mutation: Your large and strong wings let you fly.
                  | [Gargoyle growth]
  9982 | Lair:3   | Reached XP level 14. HP: 94/94 MP: 21/21
  9983 | Lair:3   | 9983 ||| READING 2 scrolls of identify.
  9983 | Lair:3   | 9983 ||| IDENTIFYING fizzy cyan potion
 10012 | Lair:4   | 10012 ||| STAIRDANCE
 10021 | Lair:4   | 10021 ||| STAIRDANCE
 10084 | Lair:4   | 10084 ||| INVOKING Heroism.
 10117 | Lair:4   | 10117 ||| RETREEAATING.
 10122 | Lair:4   | 10122 ||| Stepping ~*~*~tactically~*~*~ (retreating).
 10123 | Lair:4   | 10123 ||| Stepping ~*~*~tactically~*~*~ (retreating).
 10124 | Lair:4   | 10124 ||| Stepping ~*~*~tactically~*~*~ (retreating).
 10125 | Lair:4   | 10125 ||| Stepping ~*~*~tactically~*~*~ (retreating).
 10356 | Lair:4   | 10356 ||| Stepping ~*~*~tactically~*~*~ (retreating).
 10357 | Lair:4   | 10357 ||| INVOKING Heroism.
 10358 | Lair:4   | 10358 ||| INVOKING Finesse.
 10419 | Lair:4   | 10419 ||| INVOKING Heroism.
 10422 | Lair:4   | 10422 ||| Stepping ~*~*~tactically~*~*~ (retreating).
 10523 | Lair:4   | 10523 ||| RETREEAATING.
 10558 | Lair:4   | 10558 ||| INVOKING Heroism.
 10606 | Lair:4   | Received a gift from Okawaru
 10712 | Lair:4   | 10712 ||| INVOKING Heroism.
 10713 | Lair:4   | 10713 ||| INVOKING Finesse.
 10714 | Lair:4   | 10714 ||| RETREEAATING.
 10719 | Lair:4   | 10719 ||| STILL RETREEAATING.
 10720 | Lair:4   | 10720 ||| STILL RETREEAATING.
 10829 | Lair:4   | 10829 ||| INVOKING Heroism.
 10857 | Lair:4   | 10857 ||| Stepping ~*~*~tactically~*~*~ (retreating).
 10860 | Lair:4   | 10860 ||| Stepping ~*~*~tactically~*~*~ (retreating).
 10861 | Lair:4   | 10861 ||| Stepping ~*~*~tactically~*~*~ (retreating).
 10862 | Lair:4   | 10862 ||| Stepping ~*~*~tactically~*~*~ (retreating).
 10863 | Lair:4   | 10863 ||| Stepping ~*~*~tactically~*~*~ (retreating).
 10864 | Lair:4   | 10864 ||| RETREEAATING.
 10865 | Lair:4   | 10865 ||| STILL RETREEAATING.
 10866 | Lair:4   | 10866 ||| STILL RETREEAATING.
 10868 | Lair:4   | 10868 ||| Stepping ~*~*~tactically~*~*~ (retreating).
 10875 | Lair:4   | 10875 ||| RETREEAATING.
 10876 | Lair:4   | 10876 ||| STILL RETREEAATING.
 11177 | Lair:4   | 11177 ||| INVOKING Heroism.
 11178 | Lair:4   | 11178 ||| INVOKING Finesse.
 11180 | Lair:4   | 11180 ||| RETREEAATING.
 11196 | Lair:4   | 11196 ||| Stepping ~*~*~tactically~*~*~ (retreating).
 11198 | Lair:4   | 11198 ||| Stepping ~*~*~tactically~*~*~ (retreating).
 11202 | Lair:4   | Reached skill level 18 in Ranged Weapons
 11253 | Lair:4   | 11253 ||| UPGRADING to +0 pair of gloves.
 11258 | Lair:4   | 11258 ||| READING 2 scrolls of identify.
 11258 | Lair:4   | 11258 ||| IDENTIFYING amethyst potion
 11340 | Lair:5   | Entered Level 5 of the Lair of Beasts
 11341 | Lair:5   | 11341 ||| Stepping ~*~*~tactically~*~*~ (retreating).
 11342 | Lair:5   | 11342 ||| Stepping ~*~*~tactically~*~*~ (retreating).
 11343 | Lair:5   | 11343 ||| Stepping ~*~*~tactically~*~*~ (retreating).
 11344 | Lair:5   | 11344 ||| Stepping ~*~*~tactically~*~*~ (retreating).
 11345 | Lair:5   | 11345 ||| Stepping ~*~*~tactically~*~*~ (retreating).
 11346 | Lair:5   | 11346 ||| Stepping ~*~*~tactically~*~*~ (retreating).
 11400 | Lair:5   | 11400 ||| Stepping ~*~*~tactically~*~*~ (retreating).
 11401 | Lair:5   | 11401 ||| Stepping ~*~*~tactically~*~*~ (retreating).
 11402 | Lair:5   | 11402 ||| RETREEAATING.
 11403 | Lair:5   | 11403 ||| STILL RETREEAATING.
 11413 | Lair:5   | Received a gift from Okawaru
 11415 | Lair:5   | 11415 ||| INVOKING Heroism.
 11431 | Lair:5   | Reached XP level 15. HP: 63/98 MP: 22/22
 11552 | Lair:5   | 11552 ||| RETREEAATING.
 11553 | Lair:5   | 11553 ||| STILL RETREEAATING.
 11554 | Lair:5   | 11554 ||| STILL RETREEAATING.
 11704 | Lair:5   | Found a viscous altar of Jiyva.
 11704 | Lair:5   | Found a staircase to the Slime Pits.
 11724 | Lair:5   | Received a gift from Okawaru
 11774 | Lair:5   | 11774 ||| RETREEAATING.
 11775 | Lair:5   | 11775 ||| Stepping ~*~*~tactically~*~*~ (retreating).
 11887 | Lair:5   | Found a large runed translucent door.
 11888 | Lair:5   | Found a large runed translucent door.
 11889 | Lair:5   | 11889 ||| RETREEAATING.
 11890 | Lair:5   | 11890 ||| STILL RETREEAATING.
 11893 | Lair:5   | 11893 ||| STILL RETREEAATING.
 11897 | Lair:5   | 11897 ||| FLEEEEING.
 11898 | Lair:5   | 11898 ||| FLEEEEING.
 11965 | Lair:5   | 11965 ||| Stepping ~*~*~tactically~*~*~ (retreating).
 11968 | Lair:5   | 11968 ||| Stepping ~*~*~tactically~*~*~ (retreating).
 11998 | Lair:5   | 11998 ||| Stepping ~*~*~tactically~*~*~ (retreating).
 12003 | Lair:5   | 12003 ||| Stepping ~*~*~tactically~*~*~ (retreating).
 12007 | Lair:5   | 12007 ||| Stepping ~*~*~tactically~*~*~ (retreating).
 12029 | Lair:5   | 12029 ||| Stepping ~*~*~tactically~*~*~ (retreating).
 12031 | Lair:5   | 12031 ||| Stepping ~*~*~tactically~*~*~ (retreating).
 12032 | Lair:5   | 12032 ||| FLEEEEING.
 12110 | Lair:5   | 12110 ||| RETREEAATING.
 12111 | Lair:5   | 12111 ||| STILL RETREEAATING.
 12112 | Lair:5   | 12112 ||| STILL RETREEAATING.
 12113 | Lair:5   | 12113 ||| Stepping ~*~*~tactically~*~*~ (retreating).
 12114 | Lair:5   | 12114 ||| Stepping ~*~*~tactically~*~*~ (retreating).
 12115 | Lair:5   | 12115 ||| Stepping ~*~*~tactically~*~*~ (retreating).
 12133 | Lair:5   | Received a gift from Okawaru
 12210 | Lair:5   | 12210 ||| Stepping ~*~*~tactically~*~*~ (retreating).
 12212 | Lair:5   | 12212 ||| Stepping ~*~*~tactically~*~*~ (retreating).
 12213 | Lair:5   | 12213 ||| Stepping ~*~*~tactically~*~*~ (retreating).
 12214 | Lair:5   | 12214 ||| Stepping ~*~*~tactically~*~*~ (retreating).
 12215 | Lair:5   | 12215 ||| Stepping ~*~*~tactically~*~*~ (retreating).
 12225 | Lair:5   | 12225 ||| INVOKING Heroism.
 12364 | Lair:5   | 12364 ||| RETREEAATING.
 12366 | Lair:5   | 12366 ||| STILL RETREEAATING.
 12367 | Lair:5   | 12367 ||| STILL RETREEAATING.
 12369 | Lair:5   | 12369 ||| STILL RETREEAATING.
 12370 | Lair:5   | 12370 ||| STILL RETREEAATING.
 12798 | Lair:5   | 12798 ||| PLANNING D:1-11
 13039 | D:9      | Found a staircase to the Orcish Mines.
 13180 | D:9      | Received a gift from Okawaru
 13264 | D:9      | 13264 ||| RETREEAATING.
 13268 | D:9      | Reached ****** piety under Okawaru
 13276 | D:9      | 13276 ||| INVOKING Heroism.
 13539 | D:9      | Found a bloodstained altar of Trog.
 13573 | D:9      | Found Verisat's Antique Weapon Shoppe.
 13844 | D:10     | Entered Level 10 of the Dungeon
 13846 | D:10     | 13846 ||| STAIRDANCE
 13946 | D:10     | 13946 ||| Stepping randomly (disturbance).
 13960 | D:10     | Noticed Maurice
 13961 | D:10     | Noticed Erolcha
 13966 | D:10     | Killed Erolcha
 13967 | D:10     | Reached skill level 9 in Dodging
 13968 | D:10     | 13968 ||| Stepping randomly (disturbance).
 13969 | D:10     | 13969 ||| Stepping randomly (disturbance).
 13970 | D:10     | Something stole an amulet of regeneration
 13971 | D:10     | Killed Maurice
 14013 | D:10     | 14013 ||| INVOKING Receive Weapon.
 14013 | D:10     | 14013 ||| ACQUIRING +4 hand cannon of flaming
 14013 | D:10     | Acquired a +4 hand cannon of flaming
 14013 | D:10     | Received a gift from Okawaru
 14014 | D:10     | 14014 ||| INVOKING Receive Armour.
 14014 | D:10     | 14014 ||| ACQUIRING +0 pair of boots of the Bulwark {rC+
                  | Regen+ Int+3 Dex-4}
 14014 | D:10     | Acquired the +0 pair of boots of the Bulwark {rC+ Regen+
                  | Int+3 Dex-4}
 14014 | D:10     | Received a gift from Okawaru
 14016 | D:10     | 14016 ||| SWAPPING to +4 hand cannon of flaming.
 14017 | D:10     | 14017 ||| DROPPING +2 heavy longbow.
 14200 | D:10     | Received a gift from Okawaru
 14313 | D:10     | 14313 ||| UPGRADING to +0 pair of boots of the Bulwark {rC+
                  | Regen+ Int+3 Dex-4}.
 14318 | D:10     | 14318 ||| DROPPING +0 steam dragon scales.
 14319 | D:10     | 14319 ||| DROPPING +0 acid dragon scales.
 14320 | D:10     | 14320 ||| UPGRADING to +0 troll leather armour.
 14426 | D:11     | 14426 ||| RETREEAATING.
 14571 | D:11     | Found Ytwe's Gadget Gallery.
 14608 | D:11     | 14608 ||| Stepping randomly (disturbance).
 14609 | D:11     | 14609 ||| Stepping randomly (disturbance).
 14610 | D:11     | 14610 ||| Stepping randomly (disturbance).
 14612 | D:11     | Reached skill level 6 in Armour
 14826 | D:11     | Found Imamerch's Antique Armour Shoppe.
 14834 | D:11     | 14834 ||| BUYING runed scarf (264 gold).
 14834 | D:11     | Bought a runed scarf for 264 gold pieces
 14842 | D:11     | 14842 ||| UPGRADING to scarf of repulsion.
 14851 | D:11     | Reached XP level 16. HP: 104/104 MP: 23/23
 14856 | D:11     | 14856 ||| UPGRADING to scarf of repulsion.
 14992 | D:11     | 14992 ||| READING scroll of enchant weapon.
 14992 | D:11     | 14992 ||| ENCHANTING +4 hand cannon of flaming.
 15182 | D:11     | 15182 ||| PLANNING D
 15194 | D:12     | 15194 ||| STAIRDANCE
 15203 | D:12     | 15203 ||| STAIRDANCE
 15424 | D:12     | Received a gift from Okawaru
 16297 | D:13     | 16297 ||| STAIRDANCE
 16318 | D:13     | Reached skill level 14 in Fighting
 16452 | D:13     | 16452 ||| RETREEAATING.
 16454 | D:13     | 16454 ||| Stepping ~*~*~tactically~*~*~ (retreating).
 16461 | D:13     | 16461 ||| Stepping ~*~*~tactically~*~*~ (retreating).
 16622 | D:13     | Found a gate to the Vaults.
 16623 | D:13     | 16623 ||| RETREEAATING.
 16625 | D:13     | 16625 ||| RETREEAATING.
 16632 | D:13     | 16632 ||| INVOKING Heroism.
 16666 | D:13     | 16666 ||| INVOKING Heroism.
 16671 | D:13     | Received a gift from Okawaru
 16854 | D:14     | 16854 ||| STAIRDANCE
 16968 | D:14     | 16968 ||| STAIRDANCE
 16980 | D:14     | 16980 ||| STAIRDANCE
 16997 | D:14     | 16997 ||| STAIRDANCE
 17005 | D:14     | 17005 ||| STAIRDANCE
 17015 | D:14     | 17015 ||| STAIRDANCE
 17023 | D:14     | 17023 ||| STAIRDANCE
 17031 | D:14     | 17031 ||| STAIRDANCE
 17043 | D:14     | 17043 ||| STAIRDANCE
 17054 | D:14     | 17054 ||| STAIRDANCE
 17083 | D:14     | 17083 ||| INVOKING Heroism.
 17084 | D:14     | Paralysed by an ogre mage for 5 turns
 17090 | D:14     | Reached skill level 21 in Ranged Weapons
 17152 | D:14     | 17152 ||| READING scroll of enchant weapon.
 17152 | D:14     | 17152 ||| ENCHANTING +5 hand cannon of flaming.
 17221 | D:14     | Found an opulent altar of Gozag.
 17319 | D:14     | 17319 ||| INVOKING Heroism.
 17347 | D:14     | 17347 ||| READING scroll of enchant weapon.
 17347 | D:14     | 17347 ||| ENCHANTING +6 hand cannon of flaming.
 17381 | D:14     | Found a broken altar of Ashenzari.
 17407 | D:14     | 17407 ||| RETREEAATING.
 17409 | D:14     | 17409 ||| STILL RETREEAATING.
 17410 | D:14     | 17410 ||| STILL RETREEAATING.
 17412 | D:14     | 17412 ||| STILL RETREEAATING.
 17413 | D:14     | 17413 ||| STILL RETREEAATING.
 17416 | D:14     | Received a gift from Okawaru
 17420 | D:14     | 17420 ||| INVOKING Heroism.
 17754 | D:14     | 17754 ||| INVOKING Finesse.
 17795 | D:15     | Entered Level 15 of the Dungeon
 17796 | D:15     | 17796 ||| INVOKING Heroism.
 17797 | D:15     | 17797 ||| STAIRDANCE
 17810 | D:15     | 17810 ||| STAIRDANCE
 17845 | D:15     | 17845 ||| INVOKING Heroism.
 17849 | D:15     | 17849 ||| RETREEAATING.
 17854 | D:15     | 17854 ||| Stepping ~*~*~tactically~*~*~ (retreating).
 17855 | D:15     | 17855 ||| Stepping ~*~*~tactically~*~*~ (retreating).
 17856 | D:15     | 17856 ||| Stepping ~*~*~tactically~*~*~ (retreating).
 17858 | D:15     | 17858 ||| Stepping ~*~*~tactically~*~*~ (retreating).
 17859 | D:15     | 17859 ||| Stepping ~*~*~tactically~*~*~ (retreating).
 17860 | D:15     | 17860 ||| Stepping ~*~*~tactically~*~*~ (retreating).
 17861 | D:15     | 17861 ||| Stepping ~*~*~tactically~*~*~ (retreating).
 17871 | D:15     | 17871 ||| INVOKING Heroism.
 17877 | D:15     | Reached skill level 15 in Fighting
 17938 | D:15     | 17938 ||| INVOKING Heroism.
 17954 | D:15     | Found a hazy altar of Hepliaklqana.
 17985 | D:15     | Found Tumeic's Book Shop.
 17997 | D:15     | 17997 ||| INVOKING Heroism.
 18133 | D:15     | Found a staircase to the Depths.
 18134 | D:15     | 18134 ||| INVOKING Heroism.
 18136 | D:15     | Received a gift from Okawaru
 18364 | D:15     | 18364 ||| INVOKING Heroism.
 18381 | D:15     | 18381 ||| PLANNING ORC
 18381 | D:15     | 18381 ||| READING 8 scrolls of identify.
 18381 | D:15     | 18381 ||| IDENTIFYING yellow potion
 18382 | D:15     | 18382 ||| DROPPING potion of brilliance.
 18498 | Orc:1    | Entered Level 1 of the Orcish Mines
 18541 | Orc:2    | Entered Level 2 of the Orcish Mines
 18593 | Orc:1    | 18593 ||| INVOKING Heroism.
 18801 | Orc:1    | Found Voiqore's Jewellery Emporium.
 18814 | Orc:1    | 18814 ||| BUYING +5 ring of evasion (396 gold).
 18814 | Orc:1    | Bought a +5 ring of evasion for 396 gold pieces
 18814 | Orc:1    | 18814 ||| BUYING +6 ring of dexterity (396 gold).
 18814 | Orc:1    | Bought a +6 ring of dexterity for 396 gold pieces
 18864 | Orc:1    | 18864 ||| INVOKING Heroism.
 18890 | Orc:1    | Noticed Sonja
 18891 | Orc:1    | 18891 ||| INVOKING Finesse.
 18896 | Orc:1    | Killed Sonja
 19030 | Orc:1    | 19030 ||| UPGRADING to +5 ring of evasion.
 19032 | Orc:1    | 19032 ||| UPGRADING to +6 ring of dexterity.
 19034 | Orc:1    | 19034 ||| DROPPING +4 ring of protection.
 19035 | Orc:1    | 19035 ||| DROPPING +5 ring of evasion.
 19129 | Orc:2    | 19129 ||| FLEEEEING.
 19152 | Orc:2    | 19152 ||| INVOKING Heroism.
 19180 | Orc:2    | 19180 ||| INVOKING Heroism.
 19335 | Orc:2    | 19335 ||| INVOKING Heroism.
 19356 | Orc:2    | Found Olorynas's Book Shop.
 19378 | Orc:2    | Found an ancient bone altar of Kikubaaqudgha.
 19379 | Orc:2    | 19379 ||| INVOKING Heroism.
 19382 | Orc:2    | 19382 ||| Stepping ~*~*~tactically~*~*~ (retreating).
 19383 | Orc:2    | 19383 ||| Stepping ~*~*~tactically~*~*~ (retreating).
 19396 | Orc:2    | Reached XP level 17. HP: 113/113 MP: 24/24
 19443 | Orc:2    | Found a radiant altar of Vehumet.
 19468 | Orc:2    | Found Oblesuss's Distillery.
 19479 | Orc:2    | 19479 ||| BUYING 2 potions of magic (160 gold).
 19479 | Orc:2    | Bought 2 potions of magic for 160 gold pieces
 19479 | Orc:2    | 19479 ||| BUYING 2 potions of might (80 gold).
 19479 | Orc:2    | Bought 2 potions of might for 80 gold pieces
 19479 | Orc:2    | 19479 ||| BUYING potion of curing (30 gold).
 19479 | Orc:2    | Bought a potion of curing for 30 gold pieces
 19479 | Orc:2    | 19479 ||| BUYING potion of curing (30 gold).
 19479 | Orc:2    | Bought a potion of curing for 30 gold pieces
 19479 | Orc:2    | 19479 ||| BUYING potion of heal wounds (50 gold).
 19479 | Orc:2    | Bought a potion of heal wounds for 50 gold pieces
 19479 | Orc:2    | 19479 ||| BUYING potion of might (40 gold).
 19479 | Orc:2    | Bought a potion of might for 40 gold pieces
 19479 | Orc:2    | 19479 ||| BUYING potion of mutation (80 gold).
 19479 | Orc:2    | Bought a potion of mutation for 80 gold pieces
 19479 | Orc:2    | 19479 ||| BUYING potion of mutation (80 gold).
 19479 | Orc:2    | Bought a potion of mutation for 80 gold pieces
 19627 | Orc:2    | Found Paporumu's Armour Boutique.
 19639 | Orc:2    | 19639 ||| BUYING +1 robe of Qazlal's Benevolence {rElec rC+
                  | Str+2 Slay+2} (510 gold).
 19639 | Orc:2    | Bought the +1 robe of Qazlal's Benevolence {rElec rC+ Str+2
                  | Slay+2} for 510 gold pieces
 19639 | Orc:2    | 19639 ||| BUYING +3 leather armour of fire resistance (312
                  | gold).
 19639 | Orc:2    | Bought a +3 leather armour of fire resistance for 312 gold
                  | pieces
 19662 | Orc:2    | Found a staircase to the Elven Halls.
 19795 | Orc:2    | Noticed Nessos
 19796 | Orc:2    | 19796 ||| RETREEAATING.
 19797 | Orc:2    | 19797 ||| STILL RETREEAATING.
 19809 | Orc:2    | Killed Nessos
 19816 | Orc:2    | Found Tiubluho's Distillery.
 19826 | Orc:2    | 19826 ||| SHOPLISTING 2 potions of mutation (256 gold, have
                  | 184).
 19826 | Orc:2    | 19826 ||| BUYING potion of curing (48 gold).
 19826 | Orc:2    | Bought a potion of curing for 48 gold pieces
 19826 | Orc:2    | 19826 ||| BUYING potion of curing (48 gold).
 19826 | Orc:2    | Bought a potion of curing for 48 gold pieces
 19826 | Orc:2    | 19826 ||| BUYING potion of heal wounds (80 gold).
 19826 | Orc:2    | Bought a potion of heal wounds for 80 gold pieces
 19826 | Orc:2    | 19826 ||| SHOPLISTING potion of might (64 gold, have 8).
 19826 | Orc:2    | 19826 ||| SHOPLISTING potion of mutation (128 gold, have
                  | 8).
 19832 | Orc:2    | Found Leinid's Antique Weapon Boutique.
 19995 | Orc:2    | 19995 ||| PLANNING SWAMP:1-3
 19995 | Orc:2    | 19995 ||| DROPPING +1 leather armour of fire resistance.
 19996 | Orc:2    | 19996 ||| UPGRADING to +3 leather armour of fire
                  | resistance.
 20129 | Swamp:1  | Entered Level 1 of the Swamp
 20131 | Swamp:1  | 20131 ||| STAIRDANCE
 20180 | Swamp:1  | 20180 ||| RETREEAATING.
 20181 | Swamp:1  | 20181 ||| STILL RETREEAATING.
 20182 | Swamp:1  | 20182 ||| INVOKING Heroism.
 20201 | Swamp:1  | 20201 ||| RETREEAATING.
 20202 | Swamp:1  | 20202 ||| Stepping ~*~*~tactically~*~*~ (retreating).
 20203 | Swamp:1  | 20203 ||| Stepping ~*~*~tactically~*~*~ (retreating).
 20204 | Swamp:1  | 20204 ||| Stepping ~*~*~tactically~*~*~ (retreating).
 20210 | Swamp:1  | 20210 ||| INVOKING Heroism.
 20420 | Swamp:1  | 20420 ||| READING scroll of enchant armour.
 20420 | Swamp:1  | 20420 ||| ENCHANTING +0 pair of gloves.
 20591 | Swamp:1  | 20591 ||| DROPPING amulet of regeneration.
 20637 | Swamp:2  | 20637 ||| FLEEEEING.
 20638 | Swamp:2  | 20638 ||| STAIRDANCE
 20744 | Swamp:2  | 20744 ||| RETREEAATING.
 20745 | Swamp:2  | 20745 ||| INVOKING Heroism.
 20761 | Swamp:2  | Received a gift from Okawaru
 20897 | Swamp:2  | 20897 ||| INVOKING Heroism.
 20912 | Swamp:2  | Reached skill level 16 in Fighting
 21200 | Swamp:3  | 21200 ||| INVOKING Heroism.
 21274 | Swamp:3  | 21274 ||| INVOKING Heroism.
 21388 | Swamp:3  | 21388 ||| INVOKING Heroism.
 21483 | Swamp:3  | 21483 ||| READING scroll of enchant weapon.
 21483 | Swamp:3  | 21483 ||| ENCHANTING +7 hand cannon of flaming.
 21505 | Swamp:3  | 21505 ||| Stepping ~*~*~tactically~*~*~ (retreating).
 21509 | Swamp:3  | 21509 ||| Stepping ~*~*~tactically~*~*~ (retreating).
 21677 | Swamp:3  | 21677 ||| PLANNING SNAKE:1-3
 21754 | Snake:1  | Entered Level 1 of the Snake Pit
 21770 | Snake:1  | 21770 ||| RETREEAATING.
 21771 | Snake:1  | 21771 ||| STILL RETREEAATING.
 21772 | Snake:1  | 21772 ||| STILL RETREEAATING.
 21773 | Snake:1  | 21773 ||| STILL RETREEAATING.
 21774 | Snake:1  | 21774 ||| STILL RETREEAATING.
 21775 | Snake:1  | 21775 ||| STILL RETREEAATING.
 21776 | Snake:1  | 21776 ||| Stepping ~*~*~tactically~*~*~ (retreating).
 21825 | Snake:1  | Found Gomu's Magic Scroll Shoppe.
 21836 | Snake:1  | 21836 ||| BUYING 2 scrolls of teleportation (84 gold).
 21836 | Snake:1  | Bought 2 scrolls of teleportation for 84 gold pieces
 21836 | Snake:1  | 21836 ||| SHOPLISTING scroll of enchant weapon (105 gold,
                  | have 101).
 21836 | Snake:1  | 21836 ||| BUYING scroll of identify (28 gold).
 21836 | Snake:1  | Bought a scroll of identify for 28 gold pieces
 21836 | Snake:1  | 21836 ||| BUYING scroll of identify (28 gold).
 21836 | Snake:1  | Bought a scroll of identify for 28 gold pieces
 22301 | Snake:1  | 22301 ||| READING scroll of enchant armour.
 22301 | Snake:1  | 22301 ||| ENCHANTING +1 pair of gloves.
 22343 | Snake:1  | Found Xathez's Distillery.
 22354 | Snake:1  | 22354 ||| BUYING 2 potions of curing (60 gold).
 22354 | Snake:1  | Bought 2 potions of curing for 60 gold pieces
 22354 | Snake:1  | 22354 ||| BUYING potion of curing (30 gold).
 22354 | Snake:1  | Bought a potion of curing for 30 gold pieces
 22354 | Snake:1  | 22354 ||| SHOPLISTING potion of heal wounds (50 gold, have
                  | 23).
 22354 | Snake:1  | 22354 ||| SHOPLISTING potion of might (40 gold, have 23).
 22354 | Snake:1  | 22354 ||| SHOPLISTING potion of mutation (80 gold, have
                  | 23).
 22487 | Snake:2  | 22487 ||| Stepping ~*~*~tactically~*~*~ (retreating).
 22488 | Snake:2  | 22488 ||| Stepping ~*~*~tactically~*~*~ (retreating).
 22489 | Snake:2  | 22489 ||| RETREEAATING.
 22510 | Snake:2  | 22510 ||| INVOKING Heroism.
 22561 | Snake:2  | Reached skill level 17 in Fighting
 22575 | Snake:2  | Received a gift from Okawaru
 22599 | Snake:2  | 22599 ||| INVOKING Heroism.
 22600 | Snake:2  | 22600 ||| RETREEAATING.
 22601 | Snake:2  | 22601 ||| STILL RETREEAATING.
 22602 | Snake:2  | 22602 ||| STILL RETREEAATING.
 22675 | Snake:2  | 22675 ||| RETREEAATING.
 22676 | Snake:2  | 22676 ||| STILL RETREEAATING.
 22679 | Snake:2  | 22679 ||| Stepping ~*~*~tactically~*~*~ (retreating).
 22680 | Snake:2  | 22680 ||| Stepping ~*~*~tactically~*~*~ (retreating).
 22681 | Snake:2  | 22681 ||| Stepping ~*~*~tactically~*~*~ (retreating).
 22682 | Snake:2  | 22682 ||| STILL RETREEAATING.
 22684 | Snake:2  | 22684 ||| Stepping ~*~*~tactically~*~*~ (retreating).
 22690 | Snake:2  | Reached XP level 18. HP: 123/123 MP: 25/25
 22702 | Snake:2  | 22702 ||| INVOKING Heroism.
 22881 | Snake:2  | Found Hoany's Antique Weapon Shop.
 22883 | Snake:2  | Found Dimui's Jewellery Shop.
 22883 | Snake:2  | Found Falafa's Assorted Antiques.
 22896 | Snake:2  | Found Laebusint's Armour Boutique.
 22902 | Snake:2  | 22902 ||| SHOPLISTING +2 pair of boots of rampaging (344
                  | gold, have 64).
 22905 | Snake:2  | 22905 ||| SHOPLISTING 2 potions of mutation (352 gold, have
                  | 64).
 22905 | Snake:2  | 22905 ||| SHOPLISTING dull robe (125 gold, have 64).
 22905 | Snake:2  | 22905 ||| SHOPLISTING glowing ring mail (154 gold, have
                  | 64).
 22905 | Snake:2  | 22905 ||| SHOPLISTING potion of enlightenment (110 gold,
                  | have 64).
 22905 | Snake:2  | 22905 ||| SHOPLISTING potion of haste (220 gold, have 64).
 22905 | Snake:2  | 22905 ||| SHOPLISTING scroll of enchant armour (165 gold,
                  | have 64).
 22905 | Snake:2  | 22905 ||| SHOPLISTING shiny ring mail (154 gold, have 64).
 23046 | Snake:2  | 23046 ||| RETREEAATING.
 23050 | Snake:2  | 23050 ||| STILL RETREEAATING.
 23190 | Snake:2  | 23190 ||| Stepping ~*~*~tactically~*~*~ (retreating).
 23196 | Snake:2  | Received a gift from Okawaru
 23197 | Snake:2  | Reached skill level 18 in Fighting
 23257 | Snake:2  | 23257 ||| INVOKING Heroism.
 23269 | Snake:2  | 23269 ||| READING scroll of enchant weapon.
 23269 | Snake:2  | 23269 ||| ENCHANTING +8 hand cannon of flaming.
 23319 | Snake:2  | 23319 ||| INVOKING Heroism.
 23449 | Snake:2  | Identified the +1 robe of Wariness {rCorr}
 23673 | Snake:2  | 23673 ||| DROPPING +1 robe of Wariness {rCorr}.
 23743 | Snake:3  | Noticed Aizul
 23744 | Snake:3  | 23744 ||| INVOKING Heroism.
 23745 | Snake:3  | 23745 ||| INVOKING Finesse.
 23754 | Snake:3  | Killed Aizul
 23930 | Snake:3  | 23930 ||| RETREEAATING.
 23932 | Snake:3  | 23932 ||| INVOKING Heroism.
 23947 | Snake:3  | Reached skill level 12 in Dodging
 24092 | Snake:3  | 24092 ||| RETREEAATING.
 24093 | Snake:3  | 24093 ||| STILL RETREEAATING.
 24094 | Snake:3  | 24094 ||| STILL RETREEAATING.
 24095 | Snake:3  | 24095 ||| Stepping ~*~*~tactically~*~*~ (retreating).
 24101 | Snake:3  | 24101 ||| INVOKING Heroism.
 24245 | Snake:3  | 24245 ||| RETREEAATING.
 24246 | Snake:3  | 24246 ||| STILL RETREEAATING.
 24252 | Snake:3  | Received a gift from Okawaru
 24266 | Snake:3  | Noticed Vashnia
 24267 | Snake:3  | 24267 ||| RETREEAATING.
 24268 | Snake:3  | 24268 ||| INVOKING Heroism.
 24271 | Snake:3  | 24271 ||| STILL RETREEAATING.
 24273 | Snake:3  | 24273 ||| STILL RETREEAATING.
 24275 | Snake:3  | 24275 ||| STILL RETREEAATING.
 24278 | Snake:3  | 24278 ||| STILL RETREEAATING.
 24281 | Snake:3  | 24281 ||| STILL RETREEAATING.
 24282 | Snake:3  | 24282 ||| STILL RETREEAATING.
 24284 | Snake:3  | 24284 ||| INVOKING Heroism.
 24312 | Snake:3  | Killed Vashnia
 24475 | Snake:3  | Noticed Mara
 24476 | Snake:3  | 24476 ||| INVOKING Heroism.
 24479 | Snake:3  | 24479 ||| INVOKING Finesse.
 24481 | Snake:3  | Noticed qw's illusion
 24481 | Snake:3  | 24481 ||| RETREEAATING.
 24482 | Snake:3  | 24482 ||| STILL RETREEAATING.
 24483 | Snake:3  | 24483 ||| STILL RETREEAATING.
 24484 | Snake:3  | 24484 ||| STILL RETREEAATING.
 24485 | Snake:3  | 24485 ||| STILL RETREEAATING.
 24486 | Snake:3  | 24486 ||| STILL RETREEAATING.
 24487 | Snake:3  | 24487 ||| STILL RETREEAATING.
 24488 | Snake:3  | 24488 ||| Stepping ~*~*~tactically~*~*~ (retreating).
 24489 | Snake:3  | 24489 ||| Stepping ~*~*~tactically~*~*~ (retreating).
 24507 | Snake:3  | Killed Mara
 24508 | Snake:3  | Reached skill level 19 in Fighting
 24825 | Snake:3  | 24825 ||| PLANNING SWAMP:4
 24947 | Swamp:4  | Entered Level 4 of the Swamp
 24960 | Swamp:4  | 24960 ||| RETREEAATING.
 24962 | Swamp:4  | 24962 ||| STILL RETREEAATING.
 24964 | Swamp:4  | 24964 ||| STILL RETREEAATING.
 24965 | Swamp:4  | 24965 ||| STILL RETREEAATING.
 24966 | Swamp:4  | 24966 ||| STILL RETREEAATING.
 24967 | Swamp:4  | 24967 ||| STILL RETREEAATING.
 25097 | Swamp:4  | Identified the +3 leather armour of Valiance {Slay+2}
 25179 | Swamp:4  | 25179 ||| RETREEAATING.
 25180 | Swamp:4  | 25180 ||| STILL RETREEAATING.
 25180 | Swamp:4  | Noticed the 27-headed Lernaean hydra
 25181 | Swamp:4  | 25181 ||| STILL RETREEAATING.
 25182 | Swamp:4  | 25182 ||| STILL RETREEAATING.
 25183 | Swamp:4  | 25183 ||| STILL RETREEAATING.
 25191 | Swamp:4  | 25191 ||| Stepping ~*~*~tactically~*~*~ (retreating).
 25192 | Swamp:4  | 25192 ||| Stepping ~*~*~tactically~*~*~ (retreating).
 25193 | Swamp:4  | 25193 ||| Stepping ~*~*~tactically~*~*~ (retreating).
 25194 | Swamp:4  | 25194 ||| Stepping ~*~*~tactically~*~*~ (retreating).
 25195 | Swamp:4  | 25195 ||| Stepping ~*~*~tactically~*~*~ (retreating).
 25196 | Swamp:4  | 25196 ||| Stepping ~*~*~tactically~*~*~ (retreating).
 25197 | Swamp:4  | 25197 ||| Stepping ~*~*~tactically~*~*~ (retreating).
 25202 | Swamp:4  | 25202 ||| INVOKING Heroism.
 25204 | Swamp:4  | Killed the 27-headed Lernaean hydra
 25204 | Swamp:4  | Received a gift from Okawaru
 25211 | Swamp:4  | HP: 29/128 [five-headed hydra (11)]
 25212 | Swamp:4  | 25212 ||| READING 14 scrolls of teleportation.
 25213 | Swamp:4  | 25213 ||| DRINKING 9 potions of heal wounds.
 25237 | Swamp:4  | 25237 ||| INVOKING Heroism.
 25293 | Swamp:4  | 25293 ||| READING scroll of acquirement.
 25293 | Swamp:4  | 25293 ||| ACQUIRING +2 pair of boots of flying
 25293 | Swamp:4  | Acquired a +2 pair of boots of flying
 25295 | Swamp:4  | 25295 ||| DROPPING +1 robe of Qazlal's Benevolence {rElec
                  | rC+ Str+2 Slay+2}.
 25325 | Swamp:4  | Reached XP level 19. HP: 132/132 MP: 26/26
 25328 | Swamp:4  | 25328 ||| Stepping ~*~*~tactically~*~*~ (cloud).
 25498 | Swamp:4  | Got a decaying rune of Zot
 25502 | Swamp:4  | 25502 ||| READING scroll of brand weapon.
 25502 | Swamp:4  | 25502 ||| BRANDING +9 hand cannon of flaming.
 25703 | Swamp:4  | 25703 ||| PLANNING VAULTS:1-4
 25703 | Swamp:4  | 25703 ||| DROPPING +1 pair of gloves.
 25704 | Swamp:4  | 25704 ||| DROPPING +0 pair of boots.
 25705 | Swamp:4  | 25705 ||| DROPPING +0 troll leather armour.
 25958 | Vaults:1 | Entered Level 1 of the Vaults
 25974 | Vaults:1 | 25974 ||| Stepping ~*~*~tactically~*~*~ (retreating).
 25976 | Vaults:1 | 25976 ||| Stepping ~*~*~tactically~*~*~ (retreating).
 26009 | Vaults:1 | 26009 ||| INVOKING Heroism.
 26154 | Vaults:1 | Received a gift from Okawaru
 26162 | Vaults:1 | 26162 ||| INVOKING Heroism.
 26335 | Vaults:1 | 26335 ||| RETREEAATING.
 26347 | Vaults:1 | 26347 ||| Stepping ~*~*~tactically~*~*~ (retreating).
 26352 | Vaults:1 | 26352 ||| INVOKING Heroism.
 26425 | Vaults:1 | Identified the +7 dagger "Widurch" {freeze, rC+ Str+3
                  | Dex-3}
 26468 | Vaults:1 | 26468 ||| RETREEAATING.
 26469 | Vaults:1 | 26469 ||| Stepping ~*~*~tactically~*~*~ (retreating).
 26470 | Vaults:1 | 26470 ||| STILL RETREEAATING.
 26472 | Vaults:1 | 26472 ||| STILL RETREEAATING.
 26474 | Vaults:1 | Reached skill level 20 in Fighting
 26498 | Vaults:1 | 26498 ||| INVOKING Heroism.
 26504 | Vaults:1 | 26504 ||| Stepping ~*~*~tactically~*~*~ (retreating).
 26505 | Vaults:1 | 26505 ||| Stepping ~*~*~tactically~*~*~ (retreating).
 26506 | Vaults:1 | 26506 ||| Stepping ~*~*~tactically~*~*~ (retreating).
 26507 | Vaults:1 | 26507 ||| Stepping ~*~*~tactically~*~*~ (retreating).
 26508 | Vaults:1 | 26508 ||| Stepping ~*~*~tactically~*~*~ (retreating).
 26509 | Vaults:1 | 26509 ||| Stepping ~*~*~tactically~*~*~ (retreating).
 26594 | Vaults:1 | 26594 ||| READING scroll of brand weapon.
 26594 | Vaults:1 | 26594 ||| BRANDING +9 hand cannon of draining.
 26755 | Vaults:1 | 26755 ||| RETREEAATING.
 26761 | Vaults:1 | 26761 ||| Stepping ~*~*~tactically~*~*~ (retreating).
 26762 | Vaults:1 | 26762 ||| Stepping ~*~*~tactically~*~*~ (retreating).
 26763 | Vaults:1 | 26763 ||| Stepping ~*~*~tactically~*~*~ (retreating).
 26764 | Vaults:1 | 26764 ||| Stepping ~*~*~tactically~*~*~ (retreating).
 26765 | Vaults:1 | 26765 ||| Stepping ~*~*~tactically~*~*~ (retreating).
 26766 | Vaults:1 | 26766 ||| Stepping ~*~*~tactically~*~*~ (retreating).
 26767 | Vaults:1 | 26767 ||| Stepping ~*~*~tactically~*~*~ (retreating).
 26770 | Vaults:1 | 26770 ||| INVOKING Heroism.
 26783 | Vaults:1 | HP: 33/135 [yaktaur captain (9)]
 26784 | Vaults:1 | 26784 ||| READING 14 scrolls of teleportation.
 26785 | Vaults:1 | 26785 ||| DRINKING 8 potions of heal wounds.
 27056 | Vaults:1 | Paralysed by a sphinx for 2 turns
 27230 | Vaults:1 | Received a gift from Okawaru
 27461 | Vaults:1 | 27461 ||| RETREEAATING.
 27464 | Vaults:1 | 27464 ||| Stepping ~*~*~tactically~*~*~ (retreating).
 27465 | Vaults:1 | 27465 ||| Stepping ~*~*~tactically~*~*~ (retreating).
 27466 | Vaults:1 | 27466 ||| Stepping ~*~*~tactically~*~*~ (retreating).
 27467 | Vaults:1 | 27467 ||| Stepping ~*~*~tactically~*~*~ (retreating).
 27475 | Vaults:1 | 27475 ||| INVOKING Heroism.
 27586 | Vaults:1 | 27586 ||| RETREEAATING.
 27587 | Vaults:1 | 27587 ||| STILL RETREEAATING.
 27590 | Vaults:1 | 27590 ||| STILL RETREEAATING.
 27591 | Vaults:1 | 27591 ||| STILL RETREEAATING.
 27645 | Vaults:2 | 27645 ||| FLEEEEING.
 27646 | Vaults:2 | 27646 ||| FLEEEEING.
 27647 | Vaults:2 | 27647 ||| FLEEEEING.
 27648 | Vaults:2 | 27648 ||| FLEEEEING.
 27649 | Vaults:2 | 27649 ||| RETREEAATING.
 27652 | Vaults:2 | 27652 ||| Stepping ~*~*~tactically~*~*~ (retreating).
 27653 | Vaults:2 | 27653 ||| Stepping ~*~*~tactically~*~*~ (retreating).
 27654 | Vaults:2 | 27654 ||| Stepping ~*~*~tactically~*~*~ (retreating).
 27655 | Vaults:2 | 27655 ||| Stepping ~*~*~tactically~*~*~ (retreating).
 27656 | Vaults:2 | 27656 ||| Stepping ~*~*~tactically~*~*~ (retreating).
 27672 | Vaults:2 | 27672 ||| FLEEEEING.
 27673 | Vaults:2 | 27673 ||| FLEEEEING.
 27680 | Vaults:2 | 27680 ||| STAIRDANCE
 27856 | Vaults:2 | Found Cafad's Weapon Boutique.
 27858 | Vaults:2 | 27858 ||| RETREEAATING.
 27863 | Vaults:2 | 27863 ||| INVOKING Heroism.
 27933 | Vaults:2 | 27933 ||| INVOKING Heroism.
 27934 | Vaults:2 | 27934 ||| INVOKING Finesse.
 27939 | Vaults:2 | Reached skill level 21 in Fighting
 27949 | Vaults:2 | Received a gift from Okawaru
 28001 | Vaults:2 | 28001 ||| RETREEAATING.
 28002 | Vaults:2 | 28002 ||| STILL RETREEAATING.
 28003 | Vaults:2 | 28003 ||| STILL RETREEAATING.
 28004 | Vaults:2 | 28004 ||| STILL RETREEAATING.
 28005 | Vaults:2 | 28005 ||| STILL RETREEAATING.
 28006 | Vaults:2 | 28006 ||| STILL RETREEAATING.
 28007 | Vaults:2 | 28007 ||| STILL RETREEAATING.
 28009 | Vaults:2 | 28009 ||| STILL RETREEAATING.
 28010 | Vaults:2 | 28010 ||| STILL RETREEAATING.
 28012 | Vaults:2 | 28012 ||| Stepping ~*~*~tactically~*~*~ (retreating).
 28015 | Vaults:2 | Reached skill level 9 in Armour
 28025 | Vaults:2 | Reached XP level 20. HP: 144/144 MP: 27/27
 28306 | Vaults:2 | 28306 ||| INVOKING Heroism.
 28307 | Vaults:2 | 28307 ||| RETREEAATING.
 28309 | Vaults:2 | 28309 ||| STILL RETREEAATING.
 28323 | Vaults:2 | Received a gift from Okawaru
 28349 | Vaults:2 | Found a staircase to the Crypt.
 28462 | Vaults:2 | 28462 ||| RETREEAATING.
 28463 | Vaults:2 | 28463 ||| STILL RETREEAATING.
 28831 | Vaults:2 | Found Fueshrae's Assorted Antiques.
 28841 | Vaults:2 | 28841 ||| BUYING scroll of teleportation (69 gold).
 28841 | Vaults:2 | Bought a scroll of teleportation for 69 gold pieces
 29012 | Vaults:2 | 29012 ||| READING 18 scrolls of identify.
 29012 | Vaults:2 | 29012 ||| IDENTIFYING sapphire potion
 29013 | Vaults:2 | 29013 ||| DROPPING potion of invisibility.
 29019 | Vaults:3 | 29019 ||| STAIRDANCE
 29046 | Vaults:3 | 29046 ||| STAIRDANCE
 29057 | Vaults:3 | 29057 ||| STAIRDANCE
 29099 | Vaults:3 | Noticed Nikola
 29104 | Vaults:3 | Reached skill level 15 in Dodging
 29108 | Vaults:3 | Killed Nikola
 29147 | Vaults:3 | 29147 ||| RETREEAATING.
 29149 | Vaults:3 | 29149 ||| STILL RETREEAATING.
 29150 | Vaults:3 | 29150 ||| STILL RETREEAATING.
 29152 | Vaults:3 | 29152 ||| STILL RETREEAATING.
 29155 | Vaults:3 | 29155 ||| Stepping ~*~*~tactically~*~*~ (retreating).
 29156 | Vaults:3 | 29156 ||| Stepping ~*~*~tactically~*~*~ (retreating).
 29157 | Vaults:3 | 29157 ||| STILL RETREEAATING.
 29158 | Vaults:3 | 29158 ||| Stepping ~*~*~tactically~*~*~ (retreating).
 29159 | Vaults:3 | 29159 ||| STILL RETREEAATING.
 29160 | Vaults:3 | 29160 ||| DRINKING 19 potions of curing.
 29160 | Vaults:3 | 29160 ||| (to cure confusion)
 29161 | Vaults:3 | 29161 ||| STILL RETREEAATING.
 29169 | Vaults:3 | 29169 ||| INVOKING Heroism.
 29253 | Vaults:3 | 29253 ||| Stepping ~*~*~tactically~*~*~ (retreating).
 29303 | Vaults:3 | 29303 ||| RETREEAATING.
 29304 | Vaults:3 | 29304 ||| STILL RETREEAATING.
 29307 | Vaults:3 | 29307 ||| Stepping ~*~*~tactically~*~*~ (retreating).
 29311 | Vaults:3 | 29311 ||| Stepping ~*~*~tactically~*~*~ (retreating).
 29312 | Vaults:3 | 29312 ||| Stepping ~*~*~tactically~*~*~ (retreating).
 29313 | Vaults:3 | 29313 ||| Stepping ~*~*~tactically~*~*~ (retreating).
 29322 | Vaults:3 | Received a gift from Okawaru
 29407 | Vaults:3 | 29407 ||| RETREEAATING.
 29409 | Vaults:3 | 29409 ||| STILL RETREEAATING.
 29414 | Vaults:3 | 29414 ||| RETREEAATING.
 29419 | Vaults:3 | 29419 ||| STILL RETREEAATING.
 29420 | Vaults:3 | 29420 ||| STILL RETREEAATING.
 29421 | Vaults:3 | 29421 ||| STILL RETREEAATING.
 29422 | Vaults:3 | 29422 ||| STILL RETREEAATING.
 29423 | Vaults:3 | 29423 ||| INVOKING Heroism.
 29424 | Vaults:3 | 29424 ||| INVOKING Finesse.
 29427 | Vaults:3 | 29427 ||| Stepping ~*~*~tactically~*~*~ (retreating).
 29428 | Vaults:3 | 29428 ||| Stepping ~*~*~tactically~*~*~ (retreating).
 29429 | Vaults:3 | 29429 ||| Stepping ~*~*~tactically~*~*~ (retreating).
 29430 | Vaults:3 | 29430 ||| Stepping ~*~*~tactically~*~*~ (retreating).
 29431 | Vaults:3 | 29431 ||| Stepping ~*~*~tactically~*~*~ (retreating).
 29452 | Vaults:3 | Reached skill level 22 in Fighting
 29453 | Vaults:3 | HP: 11/145 [vault warden/+2 glaive of flaming (44)]
 29454 | Vaults:3 | 29454 ||| READING 15 scrolls of teleportation.
 29455 | Vaults:3 | 29455 ||| DRINKING 8 potions of heal wounds.
 29456 | Vaults:3 | 29456 ||| DRINKING 7 potions of heal wounds.
 29458 | Vaults:3 | 29458 ||| DRINKING 6 potions of heal wounds.
 29458 | Vaults:3 | HP: 34/145 [vault warden/+2 glaive of flaming (19)]
 29459 | Vaults:3 | 29459 ||| DRINKING 5 potions of heal wounds.
 29460 | Vaults:3 | 29460 ||| FLEEEEING.
 29461 | Vaults:3 | 29461 ||| FLEEEEING.
 29463 | Vaults:3 | 29463 ||| STAIRDANCE
 29552 | Vaults:3 | 29552 ||| INVOKING Heroism.
 29553 | Vaults:3 | Received a gift from Okawaru
 29647 | Vaults:3 | Identified the +10 arbalest of Yxayhax {flame, Fragile rF+
                  | Dex+4}
 29651 | Vaults:3 | Identified the +8 arbalest of Superiority {heavy, Dex+5}
 29860 | Vaults:3 | 29860 ||| RETREEAATING.
 29861 | Vaults:3 | 29861 ||| STILL RETREEAATING.
 29862 | Vaults:3 | 29862 ||| STILL RETREEAATING.
 29863 | Vaults:3 | 29863 ||| STILL RETREEAATING.
 30184 | Vaults:4 | 30184 ||| STAIRDANCE
 30254 | Vaults:4 | 30254 ||| FLEEEEING.
 30282 | Vaults:4 | 30282 ||| Stepping ~*~*~tactically~*~*~ (retreating).
 30283 | Vaults:4 | 30283 ||| Stepping ~*~*~tactically~*~*~ (retreating).
 30284 | Vaults:4 | 30284 ||| Stepping ~*~*~tactically~*~*~ (retreating).
 30285 | Vaults:4 | 30285 ||| Stepping ~*~*~tactically~*~*~ (retreating).
 30287 | Vaults:4 | 30287 ||| Stepping ~*~*~tactically~*~*~ (retreating).
 30288 | Vaults:4 | 30288 ||| DRINKING 18 potions of curing.
 30288 | Vaults:4 | 30288 ||| (to cure confusion)
 30291 | Vaults:4 | Paralysed by a great orb of eyes for 2 turns
 30295 | Vaults:4 | Received a gift from Okawaru
 30311 | Vaults:4 | 30311 ||| INVOKING Heroism.
 30323 | Vaults:4 | Reached skill level 23 in Fighting
 30344 | Vaults:4 | 30344 ||| INVOKING Heroism.
 30395 | Vaults:4 | 30395 ||| INVOKING Heroism.
 30590 | Vaults:4 | 30590 ||| INVOKING Finesse.
 30620 | Vaults:4 | Reached XP level 21. HP: 153/153 MP: 28/28
 30702 | Vaults:4 | 30702 ||| RETREEAATING.
 30703 | Vaults:4 | 30703 ||| FLEEEEING.
 30720 | Vaults:4 | 30720 ||| FLEEEEING.
 30721 | Vaults:4 | 30721 ||| FLEEEEING.
 30722 | Vaults:4 | 30722 ||| FLEEEEING.
 30723 | Vaults:4 | 30723 ||| FLEEEEING.
 30724 | Vaults:4 | 30724 ||| FLEEEEING.
 30733 | Vaults:4 | 30733 ||| Stepping ~*~*~tactically~*~*~ (retreating).
 30734 | Vaults:4 | 30734 ||| INVOKING Finesse.
 30801 | Vaults:4 | 30801 ||| RETREEAATING.
 30802 | Vaults:4 | 30802 ||| STILL RETREEAATING.
 30803 | Vaults:4 | 30803 ||| Stepping ~*~*~tactically~*~*~ (retreating).
 30804 | Vaults:4 | 30804 ||| Stepping ~*~*~tactically~*~*~ (retreating).
 30805 | Vaults:4 | 30805 ||| Stepping ~*~*~tactically~*~*~ (retreating).
 30806 | Vaults:4 | 30806 ||| Stepping ~*~*~tactically~*~*~ (retreating).
 30809 | Vaults:4 | 30809 ||| Stepping ~*~*~tactically~*~*~ (retreating).
 30811 | Vaults:4 | 30811 ||| Stepping ~*~*~tactically~*~*~ (retreating).
 30812 | Vaults:4 | 30812 ||| Stepping ~*~*~tactically~*~*~ (retreating).
 30813 | Vaults:4 | 30813 ||| Stepping ~*~*~tactically~*~*~ (retreating).
 30814 | Vaults:4 | 30814 ||| Stepping ~*~*~tactically~*~*~ (retreating).
 30815 | Vaults:4 | 30815 ||| Stepping ~*~*~tactically~*~*~ (retreating).
 30816 | Vaults:4 | 30816 ||| Stepping ~*~*~tactically~*~*~ (retreating).
 30817 | Vaults:4 | 30817 ||| Stepping ~*~*~tactically~*~*~ (retreating).
 30818 | Vaults:4 | 30818 ||| INVOKING Heroism.
 30898 | Vaults:4 | 30898 ||| RETREEAATING.
 30899 | Vaults:4 | 30899 ||| STILL RETREEAATING.
 30934 | Vaults:4 | 30934 ||| Stepping ~*~*~tactically~*~*~ (retreating).
 30935 | Vaults:4 | 30935 ||| Stepping ~*~*~tactically~*~*~ (retreating).
 30942 | Vaults:4 | Received a gift from Okawaru
 31143 | Vaults:4 | Found Qischois's Jewellery Emporium.
 31153 | Vaults:4 | 31153 ||| BUYING ring of Idealism {Ice Dex+4} (808 gold).
 31153 | Vaults:4 | Bought the ring of Idealism {Ice Dex+4} for 808 gold pieces
 31269 | Vaults:4 | 31269 ||| PLANNING SNAKE:4
 31650 | Snake:4  | Entered Level 4 of the Snake Pit
 31670 | Snake:4  | 31670 ||| Stepping ~*~*~tactically~*~*~ (retreating).
 31671 | Snake:4  | 31671 ||| Stepping ~*~*~tactically~*~*~ (retreating).
 31672 | Snake:4  | 31672 ||| Stepping ~*~*~tactically~*~*~ (retreating).
 31691 | Snake:4  | 31691 ||| RETREEAATING.
 31713 | Snake:4  | 31713 ||| Stepping ~*~*~tactically~*~*~ (retreating).
 31717 | Snake:4  | 31717 ||| Stepping ~*~*~tactically~*~*~ (retreating).
 31718 | Snake:4  | Received a gift from Okawaru
 31730 | Snake:4  | 31730 ||| Stepping ~*~*~tactically~*~*~ (retreating).
 31741 | Snake:4  | 31741 ||| Stepping ~*~*~tactically~*~*~ (retreating).
 31759 | Snake:4  | 31759 ||| Stepping ~*~*~tactically~*~*~ (retreating).
 31760 | Snake:4  | 31760 ||| Stepping ~*~*~tactically~*~*~ (retreating).
 31761 | Snake:4  | 31761 ||| Stepping ~*~*~tactically~*~*~ (retreating).
 31762 | Snake:4  | 31762 ||| Stepping ~*~*~tactically~*~*~ (retreating).
 31763 | Snake:4  | 31763 ||| Stepping ~*~*~tactically~*~*~ (retreating).
 31764 | Snake:4  | 31764 ||| Stepping ~*~*~tactically~*~*~ (retreating).
 31765 | Snake:4  | 31765 ||| Stepping ~*~*~tactically~*~*~ (retreating).
 31766 | Snake:4  | 31766 ||| Stepping ~*~*~tactically~*~*~ (retreating).
 31767 | Snake:4  | 31767 ||| Stepping ~*~*~tactically~*~*~ (retreating).
 31769 | Snake:4  | 31769 ||| Stepping ~*~*~tactically~*~*~ (retreating).
 31779 | Snake:4  | 31779 ||| Stepping ~*~*~tactically~*~*~ (retreating).
 31783 | Snake:4  | 31783 ||| Stepping ~*~*~tactically~*~*~ (retreating).
 31837 | Snake:4  | Got a serpentine rune of Zot
 32215 | Snake:4  | Found Annulat's Antique Armour Shop.
 32224 | Snake:4  | 32224 ||| SHOPLISTING dyed leather armour (205 gold, have
                  | 179).
 32224 | Snake:4  | 32224 ||| SHOPLISTING glowing leather armour (205 gold,
                  | have 179).
 32387 | Snake:4  | 32387 ||| PLANNING DEPTHS
 32673 | Depths:1 | Entered Level 1 of the Depths
 32705 | Depths:1 | Received a gift from Okawaru
 32707 | Depths:1 | 32707 ||| RETREEAATING.
 32708 | Depths:1 | 32708 ||| INVOKING Finesse.
 32720 | Depths:1 | 32720 ||| Stepping ~*~*~tactically~*~*~ (retreating).
 32721 | Depths:1 | 32721 ||| Stepping ~*~*~tactically~*~*~ (retreating).
 32722 | Depths:1 | 32722 ||| Stepping ~*~*~tactically~*~*~ (retreating).
 32723 | Depths:1 | 32723 ||| Stepping ~*~*~tactically~*~*~ (retreating).
 32724 | Depths:1 | 32724 ||| Stepping ~*~*~tactically~*~*~ (retreating).
 32725 | Depths:1 | 32725 ||| Stepping ~*~*~tactically~*~*~ (retreating).
 32726 | Depths:1 | 32726 ||| Stepping ~*~*~tactically~*~*~ (retreating).
 32728 | Depths:1 | 32728 ||| Stepping ~*~*~tactically~*~*~ (retreating).
 32729 | Depths:1 | 32729 ||| Stepping ~*~*~tactically~*~*~ (retreating).
 32730 | Depths:1 | 32730 ||| Stepping ~*~*~tactically~*~*~ (retreating).
 32731 | Depths:1 | 32731 ||| Stepping ~*~*~tactically~*~*~ (retreating).
 32780 | Depths:1 | 32780 ||| INVOKING Finesse.
 32797 | Depths:1 | 32797 ||| RETREEAATING.
 32871 | Depths:1 | Found a gateway to Hell.
 33051 | Depths:1 | 33051 ||| RETREEAATING.
 33053 | Depths:1 | 33053 ||| Stepping ~*~*~tactically~*~*~ (retreating).
 33061 | Depths:1 | Reached skill level 24 in Fighting
 33240 | Depths:1 | You are sucked into a shaft and drop 1 floor!
 33241 | Depths:2 | 33241 ||| INVOKING Finesse.
 33244 | Depths:2 | Received a gift from Okawaru
 33246 | Depths:2 | 33246 ||| RETREEAATING.
 33247 | Depths:2 | 33247 ||| STILL RETREEAATING.
 33254 | Depths:2 | Reached XP level 22. HP: 161/161 MP: 25/29
 33298 | Depths:2 | 33298 ||| Stepping ~*~*~tactically~*~*~ (retreating).
 33304 | Depths:2 | 33304 ||| Stepping ~*~*~tactically~*~*~ (retreating).
 33338 | Depths:2 | 33338 ||| RETREEAATING.
 33349 | Depths:2 | 33349 ||| INVOKING Finesse.
 33355 | Depths:2 | Paralysed by a vampire knight for 2 turns
 33358 | Depths:2 | 33358 ||| INVOKING Heroism.
 33361 | Depths:2 | 33361 ||| INVOKING Finesse.
 33368 | Depths:2 | 33368 ||| Stepping ~*~*~tactically~*~*~ (retreating).
 33371 | Depths:2 | 33371 ||| Stepping ~*~*~tactically~*~*~ (retreating).
 33372 | Depths:2 | 33372 ||| Stepping ~*~*~tactically~*~*~ (retreating).
 33372 | Depths:2 | HP: 35/161 [tengu warrior/+0 bardiche[a glowing orange
                  | brain] (14)]
 33373 | Depths:2 | 33373 ||| READING 17 scrolls of teleportation.
 33374 | Depths:2 | 33374 ||| DRINKING 5 potions of heal wounds.
 33375 | Depths:2 | 33375 ||| Stepping ~*~*~tactically~*~*~ (retreating).
 33376 | Depths:2 | 33376 ||| Stepping ~*~*~tactically~*~*~ (retreating).
 33506 | Depths:2 | Found a portal to a secret trove of treasure.
 33524 | Depths:2 | 33524 ||| RETREEAATING.
 33525 | Depths:2 | 33525 ||| STILL RETREEAATING.
 33526 | Depths:2 | 33526 ||| STILL RETREEAATING.
 33527 | Depths:2 | 33527 ||| INVOKING Heroism.
 33529 | Depths:2 | 33529 ||| INVOKING Finesse.
 33541 | Depths:2 | 33541 ||| RETREEAATING.
 33542 | Depths:2 | 33542 ||| DRINKING 19 potions of curing.
 33542 | Depths:2 | 33542 ||| (to cure confusion)
 33543 | Depths:2 | 33543 ||| Stepping ~*~*~tactically~*~*~ (retreating).
 33546 | Depths:2 | 33546 ||| Stepping ~*~*~tactically~*~*~ (retreating).
 33642 | Depths:2 | Found a one-way gate leading to the halls of Pandemonium.
 33727 | Depths:2 | 33727 ||| RETREEAATING.
 33729 | Depths:2 | 33729 ||| RETREEAATING.
 33731 | Depths:2 | 33731 ||| RETREEAATING.
 33736 | Depths:2 | 33736 ||| INVOKING Heroism.
 33737 | Depths:2 | 33737 ||| INVOKING Finesse.
 33742 | Depths:2 | 33742 ||| Stepping ~*~*~tactically~*~*~ (retreating).
 33743 | Depths:2 | 33743 ||| Stepping ~*~*~tactically~*~*~ (retreating).
 33744 | Depths:2 | 33744 ||| Stepping ~*~*~tactically~*~*~ (retreating).
 33749 | Depths:2 | 33749 ||| Stepping ~*~*~tactically~*~*~ (retreating).
 33750 | Depths:2 | 33750 ||| Stepping ~*~*~tactically~*~*~ (retreating).
 33751 | Depths:2 | 33751 ||| Stepping ~*~*~tactically~*~*~ (retreating).
 33752 | Depths:2 | 33752 ||| Stepping ~*~*~tactically~*~*~ (retreating).
 33754 | Depths:2 | 33754 ||| Stepping ~*~*~tactically~*~*~ (retreating).
 33755 | Depths:2 | 33755 ||| Stepping ~*~*~tactically~*~*~ (retreating).
 33756 | Depths:2 | 33756 ||| Stepping ~*~*~tactically~*~*~ (retreating).
 33757 | Depths:2 | 33757 ||| RETREEAATING.
 33758 | Depths:2 | 33758 ||| Stepping ~*~*~tactically~*~*~ (retreating).
 33759 | Depths:2 | 33759 ||| Stepping ~*~*~tactically~*~*~ (retreating).
 33760 | Depths:2 | 33760 ||| Stepping ~*~*~tactically~*~*~ (retreating).
 33765 | Depths:2 | 33765 ||| Stepping ~*~*~tactically~*~*~ (retreating).
 33766 | Depths:2 | 33766 ||| Stepping ~*~*~tactically~*~*~ (retreating).
 33785 | Depths:2 | 33785 ||| INVOKING Heroism.
 33802 | Depths:2 | 33802 ||| Stepping ~*~*~tactically~*~*~ (retreating).
 33803 | Depths:2 | 33803 ||| Stepping ~*~*~tactically~*~*~ (retreating).
 33803 | Depths:2 | HP: 40/161 [death yak[a glowing orange brain] (8)]
 33804 | Depths:2 | 33804 ||| READING 16 scrolls of teleportation.
 33805 | Depths:2 | 33805 ||| DRINKING 4 potions of heal wounds.
 33807 | Depths:2 | 33807 ||| DRINKING 3 potions of heal wounds.
 33826 | Depths:2 | 33826 ||| RETREEAATING.
 33827 | Depths:2 | 33827 ||| Stepping ~*~*~tactically~*~*~ (retreating).
 33828 | Depths:2 | 33828 ||| Stepping ~*~*~tactically~*~*~ (retreating).
 33829 | Depths:2 | 33829 ||| Stepping ~*~*~tactically~*~*~ (retreating).
 33830 | Depths:2 | 33830 ||| Stepping ~*~*~tactically~*~*~ (retreating).
 33831 | Depths:2 | 33831 ||| Stepping ~*~*~tactically~*~*~ (retreating).
 33832 | Depths:2 | 33832 ||| Stepping ~*~*~tactically~*~*~ (retreating).
 33833 | Depths:2 | 33833 ||| Stepping ~*~*~tactically~*~*~ (retreating).
 33834 | Depths:2 | 33834 ||| Stepping ~*~*~tactically~*~*~ (retreating).
 33834 | Depths:2 | HP: 23/161 [spriggan berserker/+0 hand axe[a glowing orange
                  | brain] (22)]
 33835 | Depths:2 | 33835 ||| READING 15 scrolls of teleportation.
 33835 | Depths:2 | Slain by a spriggan berserker

Levels and vault maps discovered:
D:1:      dpeg_arrival_water_temple_mockup, layout_basic,
          ebering_ecumenical_altar_box
D:2:      layout_basic, uniq_jessica
D:3:      layout_basic, ebering_ghost_reflecting_pool, portal_sewer_entry_f,
          uniq_grinder
D:4:      cheibrodos_helix_gallery, layout_rooms,
          amethyst_overflow_temple_binary, minmay_temple_entry_junction
D:5:      kennysheep_six_static_rooms, layout_basic, elyvilon_altar_1,
          gammafunk_ghost_necromancy, grunt_decor_clamped
D:6:      layout_gridville, tso_oasis_becter
D:7:      layout_rooms, kiku_gazebo_pond_becter, minitemple
D:8:      layout_loops_ring, erik_lair_orcish_takeover
D:9:      wad_guarded_room, layout_irregular_city, kennysheep_mini_moat,
          david_orc_3, serial_shops, shop
D:10:     layout_rooms, uniq_maurice, uniq_erolcha
D:11:     layout_loops_corners, serial_bayou, serial_bayou_shore_a,
          serial_bayou_shore_b, serial_bayou_crossing, serial_bayou_pond_b,
          serial_bayou_pond_d, serial_bayou_lagoon_a, serial_shops,
          nicolae_shop_dealshenge, nicolae_shop_gadgets
D:12:     layout_layer_cave
D:13:     layout_cave_pools, erik_vaults_2, drop_trap
D:14:     kennysheep_funnel, layout_cave_pools, cheibrodos_ashenzari_chains,
          serial_bayou, serial_bayou_lake_a, serial_bayou_pond_e,
          serial_bayou_pond_e, serial_bayou_pond_b, minmay_ruined_shrine
D:15:     grunt_enter_depths_giant_problem, layout_cave_pools,
          nicolae_hepliaklqana_hazy_memory, serial_shops,
          nicolae_book_shop_shelving, st_stairs_11
Temple:   minmay_temple_curvy_branch
Lair:1:   layout_misc_corridors, serial_bayou_lagoon_b
Lair:2:   nzn_winding_woodlands_small
          [nzn_winding_woodlands_5x15_pathside_ponds,
          nzn_winding_woodlands_center_garden,
          nzn_winding_woodlands_5x15_concentric], layout_gridlike,
          skrybe_swamp_entry_bodies, minmay_snake_entry_guardpost_medium,
          gammafunk_ghost_split
Lair:3:   layout_chaotic_city
Lair:4:   regret_index_wax_grids, layout_big_grid, roderic_batcave,
          grunt_megastairs_5
Lair:5:   cheibrodos_lair_end_hotspot, layout_regular_city, slime_entry_1,
          guppyfry_lair_drakes
Swamp:1:  layout_falls_marsh, hangedman_swamp_ruin_wall, swamp_pool5,
          nicolae_swamp_hydra_murder_den, infiniplex_staircase_pool
Swamp:2:  nicolae_swamp_ascending_descending, layout_basic_swamp,
          serial_swamp_ruin, evilmike_swamp_ruin_house_2,
          evilmike_swamp_ruin_rubble_2
Swamp:3:  layout_basic_swamp, nicolae_swamp_trees_clearing
Swamp:4:  grunt_swamp_rune_castle, layout_basic_swamp
Snake:1:  layout_cave_pods, serial_shops,
          nicolae_shop_competitors_out_of_business, nicolae_shop_window_shopping
Snake:2:  kennysheep_snake, layout_rooms, grunt_ministairs_13,
          lemuel_fruit_tree, minmay_shoptagon
Snake:3:  layout_concentric_octagons, uniq_vashnia, uniq_aizul, uniq_mara
Snake:4:  johnstein_snake_rune_scales, layout_misc_corridors, serial_shops, shop
Orc:1:    layout_diamond_mine, serial_shops, nicolae_shop_statue_plus,
          uniq_sonja
Orc:2:    kennysheep_orc_mage_school, layout_caves, special_room, serial_shops,
          nicolae_shop_window_shopping, minmay_orc_keep, uniq_nessos
Vaults:1: v_pattern_4, vaults_mumra_lcd, nicolae_vaults_network_star,
          nicolae_vaults_little_squares_6, hangedman_vaults_stream,
          nicolae_vaults_display_case, v_misc_23,
          nicolae_vaults_closet_pinwheel_2, layout_vaults_big_room
Vaults:2: minmay_crypt_entry_simple_box,
          vaults_standard_mumra_enter_the_diamond, vaults_dpeg_cross,
          nicolae_vaults_taking_the_gang_shopping,
          nicolae_vaults_hexular_roomagon, grunt_vaults_diagonal,
          nicolae_vaults_mitosis, nicolae_vaults_house_1,
          nicolae_vaults_double_plus_1, nicolae_vaults_diamond_1,
          layout_vaults_quadrants, serial_shops, shop_statue
Vaults:3: nicolae_vaults_offset_grid_hallway_3,
          nicolae_vaults_diagonal_hallway_6, nicolae_vaults_turnstiles,
          grunt_vaults_hallway_long, v_misc_24, nicolae_vaults_surprise_closet,
          vaults_mumra_chevron_long, hangedman_vaults_restitches, v_misc_30,
          v_misc_24, nicolae_vaults_six-pack, nicolae_vaults_yaktaur_gun_rack,
          vaults_dpeg_doors, ontoclasm_vaults_gallery,
          ontoclasm_vaults_shuriken, nicolae_vaults_little_squares_1,
          nicolae_vaults_little_squares_5, layout_vaults_omnibox, uniq_nikola
Vaults:4: v_misc_2, vaults_room_large_hall, vaults_room_boxed,
          nicolae_vaults_stairing_the_circle, nicolae_vaults_trapezoid_1,
          hangedman_vaults_corner, nicolae_vaults_diamond_2, v_misc_8,
          nicolae_vaults_sealed_display, v_pattern_2,
          ontoclasm_vaults_loading_screen, nicolae_vaults_layer_cake_slice,
          nicolae_vaults_back_hallway, nicolae_vaults_house_3,
          layout_vaults_maze_bifur, serial_shops, nicolae_shop_gaudy_bauble
Depths:1: nicolae_BIG_FREAKIN_CUBE, layout_honeycomb, hell_entry,
          nicolae_kite_square_tiling_tiny, kilobyte_mutagenic_chamber
Depths:2: minmay_inner_zag, layout_gridlike, enter_ziggurat_f, pf_coc_iceberg,
          rand_demon_pan_entry_8, enter_trove_6, chei_slow_surprise

Skill      XL: |  1  2  3  4  5  6  7  8  9 10 11 12 13 14 15 16 17 18 19 20 21 |
---------------+----------------------------------------------------------------+-----
Ranged Weapons | 5 6 8 9 11 12 13 15 16 18 20 21 22 | 22.0
Fighting       | 3 4 6 7 8 9 10 13 15 17 19 21 23 24 | 24.0
Armour         | 3 4 6 7 9 10 | 10.0
Dodging        | 2 3 4 5 6 7 9 11 13 14 15 17 | 17.8
Invocations    | 3 4 7 10 | 10.1
Stealth        | |  1.1

Action                     |  1- 3 |  4- 6 |  7- 9 | 10-12 | 13-15 | 16-18 | 19-21 | 22-24 || total
---------------------------+-------+-------+-------+-------+-------+-------+-------+-------++-------
   Fire: Shortbow          |   107 |   204 |    14 |       |       |       |       |       ||   325
         Orcbow            |       |       |    26 |       |       |       |       |       ||    26
         Arbalest          |       |       |    94 |       |       |       |       |       ||    94
         Longbow           |       |       |    51 |   373 |   718 |       |       |       ||  1142
         Hand cannon       |       |       |       |       |   104 |  1332 |  1133 |   142 ||  2711
 Invoke: Heroism           |       |       |     5 |    25 |    11 |    38 |    16 |     4 ||    99
         Finesse           |       |       |       |     2 |     3 |     4 |     7 |     4 ||    20
         Receive Weapon    |       |       |       |       |     1 |       |       |       ||     1
         Receive Armour    |       |       |       |       |     1 |       |       |       ||     1
    Use: Scroll            |     2 |     6 |    10 |     7 |     3 |    10 |     5 |     3 ||    46
         Potion            |     1 |     2 |     5 |     1 |     1 |     1 |     7 |     4 ||    22
 Armour: Leather armour    |    24 |    22 |   117 |   152 |   308 |   373 |   659 |   133 ||  1788
         Robe              |       |   108 |       |       |       |       |       |       ||   108
         Troll leather arm |       |       |       |       |    21 |   251 |       |       ||   272
  Dodge: Dodged            |    22 |   128 |   124 |   221 |   514 |   980 |  1585 |   299 ||  3873
         Repelled          |       |       |       |       |       |    16 |    20 |       ||    36

Table legend:
 A = Non-vault XP
 B = Vault XP
 C = Vault XP percentage of total XP
 D = Non-vault monster count
 E = Vault monster count
 F = Vault count percentage of total count
                 A         B        C        D         E       F
            +---------+---------+-------+---------+---------+-------
      Total |  389385 |  209901 |  35.0 |    1020 |     478 |  31.9
            +---------+---------+-------+---------+---------+-------
        D:1 |      28 |       0 |   0.0 |      19 |       0 |   0.0
        D:2 |      42 |      37 |  46.8 |      21 |       1 |   4.5
        D:3 |     164 |     259 |  61.2 |      17 |       6 |  26.1
        D:4 |     116 |      44 |  27.5 |       5 |       2 |  28.6
        D:5 |     993 |     149 |  13.0 |      18 |       6 |  25.0
        D:6 |    1000 |       0 |   0.0 |      22 |       0 |   0.0
        D:7 |    1830 |       0 |   0.0 |      23 |       0 |   0.0
        D:8 |    5005 |     583 |  10.4 |      37 |       8 |  17.8
        D:9 |    2516 |    4895 |  66.1 |      24 |      21 |  46.7
       D:10 |    3304 |    1328 |  28.7 |      19 |       2 |   9.5
       D:11 |    6466 |    1013 |  13.5 |      30 |       2 |   6.2
       D:12 |    2803 |       0 |   0.0 |      17 |       0 |   0.0
       D:13 |    8414 |    7400 |  46.8 |      23 |      10 |  30.3
       D:14 |    5240 |    5067 |  49.2 |      14 |       7 |  33.3
       D:15 |    9054 |    2702 |  23.0 |      20 |       3 |  13.0
     Lair:1 |    5090 |       0 |   0.0 |      23 |       0 |   0.0
     Lair:2 |    7703 |    6872 |  47.1 |      27 |      23 |  46.0
     Lair:3 |    6938 |       0 |   0.0 |      31 |       0 |   0.0
     Lair:4 |   10923 |   10887 |  49.9 |      33 |      62 |  65.3
     Lair:5 |   20108 |    8928 |  30.7 |      59 |      30 |  33.7
    Swamp:1 |   10813 |       0 |   0.0 |      20 |       0 |   0.0
    Swamp:2 |   10438 |       0 |   0.0 |      24 |       0 |   0.0
    Swamp:3 |   10827 |       0 |   0.0 |      17 |       0 |   0.0
    Swamp:4 |    4834 |   17248 |  78.1 |      11 |      28 |  71.8
    Snake:1 |    9791 |       0 |   0.0 |      18 |       0 |   0.0
    Snake:2 |   18592 |   18366 |  49.7 |      38 |      36 |  48.6
    Snake:3 |   20021 |   10779 |  35.0 |      40 |       6 |  13.0
    Snake:4 |   13667 |   20612 |  60.1 |      32 |      37 |  53.6
      Orc:1 |    4558 |     766 |  14.4 |      37 |       1 |   2.6
      Orc:2 |    3041 |    8738 |  74.2 |      44 |      44 |  50.0
   Vaults:1 |   30572 |   26290 |  46.2 |      46 |      30 |  39.5
   Vaults:2 |   29522 |   13669 |  31.6 |      42 |      20 |  32.3
   Vaults:3 |   31056 |   17796 |  36.4 |      45 |      20 |  30.8
   Vaults:4 |   32144 |   21117 |  39.6 |      48 |      30 |  38.5
   Depths:1 |   34927 |       0 |   0.0 |      46 |       0 |   0.0
   Depths:2 |   26845 |    3987 |  12.9 |      30 |       6 |  16.7
      Sewer |       0 |     369 | 100.0 |       0 |      37 | 100.0
            +---------+---------+-------+---------+---------+-------
